Workbook
Name annee: Tableau2[annee]
Name annee: Tableau2[annee]
Name annee: Tableau2[annee]
Name annee: Tableau2[annee]
Name annee: Tableau2[annee]
Name BUDGETCOVEBEACH: [1]!Tableau6[LIGNE BUDGET COVE BEACH]
Name EFG: Tableau25[MOIS]
Name EFG: Tableau25[MOIS]
Name EFG: Tableau25[MOIS]
Name EFG: Tableau25[MOIS]
Name EFG: Tableau25[MOIS]
Name mois: Tableau25[MOIS]
Name mois: Tableau25[MOIS]
Name mois: Tableau25[MOIS]
Name mois: Tableau25[MOIS]
Name mois: Tableau25[MOIS]
Name mois: Tableau25[MOIS]
Name STATUT: Tableau3[STATUT]
Name STATUT: Tableau3[STATUT]
Name STATUT: Tableau3[STATUT]
Name STATUT: Tableau3[STATUT]
Name STATUT: Tableau3[STATUT]

Sheet liste
B3: MOIS
B4: 44927
B5: 44958
B6: 44986
B7: 45017
B8: 45047
B9: 45078
B10: 45108
B11: 45139
B12: 45170
B13: 45200
B14: 45231
B15: 45261

Sheet Feuil2
A3: NUMERO AFFAIRE | B3: N° FACTURE | C3: Somme de MONTANT NET HT | D3: Somme de RESTANT DÛ NET HT
A4: AFFAIREAF001 SImAU | B4: 001-23 | C4: 7199340 | D4: 0
B5: 010-22 | C5: 7199340 | D5: -222660
B6: 012-22 | C6: 9599120 | D6: 0
A7: Total AFFAIREAF001 SImAU | C7: 23997800 | D7: -222660
A8: AFFAIREAF002 OFMAS | B8: 005-23 | C8: 8245000 | D8: 0
B9: 008-22 | C9: 8487500 | D9: 0
B10: 013-22 | C10: 7275000 | D10: 0
B11: 014-22 | C11: 8487500 | D11: 0
A12: Total AFFAIREAF002 OFMAS | C12: 32495000 | D12: 0
A13: AFFAIREAF003 EGBTP 1 | B13: 015-22 | C13: 12000000 | D13: 0
A14: Total AFFAIREAF003 EGBTP 1 | C14: 12000000 | D14: 0
A15: AFFAIREAF003 EGBTP 2 | B15: 002/23 | C15: 28000000 | D15: 0
B16: 007-23 | C16: 20664000 | D16: 20664000
A17: Total AFFAIREAF003 EGBTP 2 | C17: 48664000 | D17: 20664000
A18: AFFAIREAF004 CFAO | B18: 004-23 | C18: 7027650 | D18: 0
B19: 006-23 | C19: 7027650 | D19: 0
B20: 016-22 | C20: 6023700 | D20: 0
A21: Total AFFAIREAF004 CFAO | C21: 20079000 | D21: 0
A22: AFFAIREAF005 SCB-LAFARGE | B22: 017-22 | C22: 3201000 | D22: 0
A23: Total AFFAIREAF005 SCB-LAFARGE | C23: 3201000 | D23: 0
A24: AFFAIREAF012 DREAM BEACH | B24: 002-24 | C24: 7425001 | D24: 7425001
B25: 008-23 | C25: 16500001 | D25: -9900000
B26: 010-23 | C26: 7425000.8 | D26: 7425000.8
B27: 011-23 | C27: 7425000.8 | D27: 7425000.8
B28: 013-23 | C28: 7425000.8 | D28: 7425000.8
B29: 015-23 | C29: 7425000.8 | D29: 7425000.8
B30: 022-23 | C30: 7425000.8 | D30: 7425000.8
B31: 025-23 | C31: 7425001 | D31: 7425001
B32: 027-23 | C32: 7425001 | D32: 7425001
A33: Total AFFAIREAF012 DREAM BEACH | C33: 75900008 | D33: 49500007
A34: AFFAIREAF013 ADEOTI | B34: 001-24 | C34: 40385181 | D34: 0.28
B35: 003-24 | C35: 40385181 | D35: 0.28
B36: 004-24 | C36: 40385181 | D36: 0.28
B37: 005-24 | C37: 40385181 | D37: 0.28
B38: 009-23 | C38: 265546395 | D38: 0.10000002
B39: 009-24 | C39: 40385181 | D39: 0.28
B40: 010-24 | C40: 40385181 | D40: 0.28
B41: 019-23 | C41: 40385181 | D41: 0.28
B42: 020-23 | C42: 40385181 | D42: 0.28
B43: 021-23 | C43: 40385181 | D43: 0.28
B44: 023-23 | C44: 40385181 | D44: 0.28
B45: 024-23 | C45: 40385181 | D45: 0.28
B46: 026-23 | C46: 40385181 | D46: 0.28
... B50: 046/24 | C50: 40385181 | D50: 40385181
A51: Total AFFAIREAF013 ADEOTI | C51: 911709291 | D51: 80770366
A52: AFFAIREAF014 BOTINZA | B52: 006-24 | C52: 67691151 | D52: -5606741.8
B53: 011-24 | C53: 14403901 | D53: 5606741.7
B54: 012-24 | C54: 10208281 | D54: -0.29
B55: 013-24 | C55: 11526961 | D55: -0.29
B56: 014-24 | C56: 10757731 | D56: -0.29
B57: 015-24 | C57: 9365791.1 | D57: -0.29
B58: 023-24 | C58: 80003281 | D58: -0.29000001
B59: 027-24 | C59: 10098391 | D59: 10098391
B60: 031/24 | C60: 10208281 | D60: 10208281
A61: Total AFFAIREAF014 BOTINZA | C61: 2.2426377e+08 | D61: 20306671
A62: AFFAIREAF015 CITES ADM LOT 1 | B62: 007-24 | C62: 108702000 | D62: 0
A63: Total AFFAIREAF015 CITES ADM LOT 1 | C63: 108702000 | D63: 0
A64: AFFAIREAF015 CITES ADM LOT 2 | B64: 019-24 | C64: 35788500 | D64: 0
B65: 043/24 | C65: 65934000 | D65: 0
A66: Total AFFAIREAF015 CITES ADM LOT 2 | C66: 101722500 | D66: 0
A67: AFFAIREAF015 CITES ADM LOT 3 | B67: 022-24 | C67: 17894250 | D67: 0
B68: 044/24 | C68: 75849345 | D68: 75849345
A69: Total AFFAIREAF015 CITES ADM LOT 3 | C69: 93743595 | D69: 75849345
A70: AFFAIREAF015 CITES ADM LOT 4 | B70: 024-24 | C70: 18042750 | D70: 0
A71: Total AFFAIREAF015 CITES ADM LOT 4 | C71: 18042750 | D71: 0
A72: AFFAIREAF015 CITES ADM LOT 5 | B72: 030-24 | C72: 17894250 | D72: 0
A73: Total AFFAIREAF015 CITES ADM LOT 5 | C73: 17894250 | D73: 0
A74: AFFAIREAF015 CITES ADM LOT 6 | B74: 036-24 | C74: 18042750 | D74: 0
A75: Total AFFAIREAF015 CITES ADM LOT 6 | C75: 18042750 | D75: 0
A76: AFFAIREAF015 CITES ADM LOT 7 | B76: 040/24 | C76: 17894250 | D76: 17894250
A77: Total AFFAIREAF015 CITES ADM LOT 7 | C77: 17894250 | D77: 17894250
A78: AFFAIREAF016 MATIERE BENIN | B78: 018-24 | C78: 41866700 | D78: -0.1
B79: 021-24 | C79: 62800050 | D79: 0
B80: 025-24 | C80: 62800050 | D80: 0
B81: 029-24 | C81: 62800050 | D81: 0
B82: 035/24 | C82: 1.256001e+08 | D82: 1.256001e+08
A83: Total AFFAIREAF016 MATIERE BENIN | C83: 3.5586695e+08 | D83: 1.256001e+08
A84: AFFAIREAF017 AGIRE | B84: 026-24 | C84: 12500000 | D84: -0.3
B85: 039/24 | C85: 12500000 | D85: 12500000
A86: Total AFFAIREAF017 AGIRE | C86: 25000000 | D86: 12500000
A87: AFFAIREAF018 CONOCO | B87: 041/24 | C87: 2.1417604e+08 | D87: 2.1417604e+08
B88: 042/24 | C88: 21000000 | D88: 21000000
A89: Total AFFAIREAF018 CONOCO | C89: 2.3517604e+08 | D89: 2.3517604e+08
A90: AFFAIREAF019 NATIVE HOTEL | B90: (vide)
A91: Total AFFAIREAF019 NATIVE HOTEL
A92: AFFAIREAF020 PRISON CIVILE OUEDO | B92: (vide)
A93: Total AFFAIREAF020 PRISON CIVILE OUEDO
A94: SETEC SOUS TRAITANCE | B94: 032/24 | C94: 15277500 | D94: 0
B95: 034/24 | C95: 2037000 | D95: 2037000
B96: 038/24 | C96: 2037000 | D96: 2037000
B97: 047/24 | C97: 2037000 | D97: 2037000
A98: Total SETEC SOUS TRAITANCE | C98: 21388500 | D98: 6111000
A99: Total général | C99: 2.3657835e+09 | D99: 6.4414912e+08

Sheet PROJECTION RESTE A FACTURER
B3: PROJECTION RESTE A FACTURER PAR PROJET
B7: NUMERO AFFAIRE | C7: Montant du contrat | D7: Début contrat | E7: durée en mois | F7: Date de fin de projet | G7: Montant déjà facturé | H7: Montant déjà encaissé | I7: Impayé à date | J7: Montant reste à facturer
B8: AFFAIREAF012 DREAM BEACH | I8: 49500007
B9: AFFAIREAF003 EGBTP 2 | I9: 20664000
B10: AFFAIREAF013 ADEOTI | C10: 1287900000 | D10: 45096 | E10: 24 | F10: 45809 | G10: =+'ETAT DES FACTURATIONS GLOBALES'!K46 -> 305931576 | H10: ='ETAT DES FACTURATIONS GLOBALES'!O46 -> 3.0593158e+08 | I10: =G10-H10 -> 0.38 | J10: =+C10-G10 -> 981968424
B11: AFFAIREAF014 BOTINZA | C11: =1120900000*30.5% -> 341874500 | D11: 45187 | E11: 19 | F11: 45778 | G11: =+'ETAT DES FACTURATIONS GLOBALES'!K70 -> 67691151 | H11: ='ETAT DES FACTURATIONS GLOBALES'!O70 -> 73297893 | I11: =G11-H11 -> -5606741.8 | J11: =+C11-G11 -> 274183349
B12: AFFAIREAF015 CITES ADM LOT 1 | C12: 549000000 | D12: 45335 | E12: 24 | F12: 46023 | G12: =+'ETAT DES FACTURATIONS GLOBALES'!K89 -> 108702000 | H12: ='ETAT DES FACTURATIONS GLOBALES'!O89 -> 108702000 | I12: =G12-H12 -> 0 | J12: =+C12-G12 -> 440298000
B13: AFFAIREAF015 CITES ADM LOT 2 | C13: 333000000 | D13: 45446 | E13: 24 | F13: 46143 | G13: ='ETAT DES FACTURATIONS GLOBALES'!K103 -> 0 | H13: ='ETAT DES FACTURATIONS GLOBALES'!O103 -> 0 | I13: =G13-H13 -> 0 | J13: =+C13-G13 -> 333000000
B14: AFFAIREAF016 MATIERE BENIN | C14: 418667000 | D14: 45450 | E14: 6 | F14: 45627 | G14: =+'ETAT DES FACTURATIONS GLOBALES'!K110 -> 0 | H14: ='ETAT DES FACTURATIONS GLOBALES'!O110 -> 0 | I14: =G14-H14 -> 0 | J14: =+C14-G14 -> 418667000
B15: AFFAIREAF017 AGIRE | C15: 25000000 | D15: 45503 | E15: 3 | F15: 45566 | G15: =+'ETAT DES FACTURATIONS GLOBALES'!K113 -> 25000000 | H15: ='ETAT DES FACTURATIONS GLOBALES'!O113 -> 25000001 | I15: =G15-H15 -> -0.6 | J15: =+C15-G15 -> -0.12
B16: SETEC SOUS TRAITANCE | C16: 31282500 | D16: 45275 | E16: 12 | F16: 45627 | G16: =+'ETAT DES FACTURATIONS GLOBALES'!K125 -> 0 | H16: ='ETAT DES FACTURATIONS GLOBALES'!O125 -> 0 | I16: =G16-H16 -> 0 | J16: =+C16-G16 -> 31282500
B17: AFFAIREAF018 CONOCO+(protocole d'accord) | C17: =(1030187794*30%)+21000000 -> 3.3005634e+08 | D17: 45364 | E17: 6 | F17: 45536 | G17: ='ETAT DES FACTURATIONS GLOBALES'!K130 -> 0 | H17: ='ETAT DES FACTURATIONS GLOBALES'!O130 -> 0 | I17: =G17-H17 -> 0 | J17: =+C17-G17 -> 3.3005634e+08
B18: AFFAIREAF019 Mission DET prison civile de OUEDO | C18: 235374600 | E18: 21
B19: TOTAL GENERAL | C19: =SUM(C10:C18) -> 3.5521549e+09 | G19: =SUM(G8:G17) -> 5.0732473e+08 | H19: =SUM(H8:H17) -> 5.1293147e+08 | I19: =SUM(I8:I17) -> 64557265 | J19: =SUM(J8:J17) -> 2.8094556e+09
H22: Impayé | I22: =I19/G19 -> 0.12725038 | J22: Recouvrement | K22: =1-I22 -> 0.87274962
H24: Reste à facturer | I24: =J19/C19 -> 0.79091584

Sheet TDB
B2: TABLEAU DE BORD FINANCIER AU ______________________________
B4: COMPTE DE GESTION
B6: N° | C6: Année | E6: Désignation projet | F6: CA par projet | G6: Budget par projet | H6: Dépenses réelles | I6: %Cons. Budget | J6: Facturé | K6: Encaissé | L6: Reste dû sur facturation | M6: Date début | N6: Date fin | O6: Mois | P6: %Cons. Délai | Q6: %Facturation | R6: %Encaissement | S6: Etat du projet
B7: 1 | C7: 2022 | E7: GTP | F7: 15375000 | G7: 0 | H7: 0 | I7: =+IFERROR(H7/(IF(G7=0,F7,G7)),0) -> 0 | J7: =+#REF! -> #REF! | K7: =+#REF! -> #REF! | L7: =+J7-K7 -> #REF! | M7: 44676 | N7: 44722 | O7: 44722 | P7: =IFERROR(IF(S7="Terminé",1,(O7-M7+1)/(N7-M7)),0) -> 1 | Q7: =IFERROR(J7/F7,0) -> 0 | R7: =IFERROR(K7/J7,0) -> 0 | S7: Terminé
B8: 2 | C8: 2022 | E8: OFMAS | F8: 25000000 | G8: 0 | H8: 0 | I8: =+IFERROR(H8/(IF(G8=0,F8,G8)),0) -> 0 | J8: =+'ETAT DES FACTURATIONS GLOBALES'!H7+'ETAT DES FACTURATIONS GLOBALES'!H8+'ETAT DES FACTURATIONS GLOBALES'!H9 -> 25000000 | K8: =+'ETAT DES FACTURATIONS GLOBALES'!N7+'ETAT DES FACTURATIONS GLOBALES'!N8+'ETAT DES FACTURATIONS GLOBALES'!N9 -> 25000000 | L8: =+J8-K8 -> 0 | M8: 44808 | N8: 44914 | O8: 44914 | P8: =IFERROR(IF(S8="Terminé",1,(O8-M8+1)/(N8-M8)),0) -> 1 | Q8: =IFERROR(J8/F8,0) -> 1 | R8: =IFERROR(K8/J8,0) -> 1 | S8: Terminé
B9: 3 | C9: 2022 | D9: SIMAU | E9: SIMAU_1 | F9: 17318000 | G9: 0 | H9: 0 | I9: =+IFERROR(H9/(IF(G9=0,F9,G9)),0) -> 0 | J9: =#REF! -> #REF! | K9: 17318000 | L9: =+J9-K9 -> #REF! | M9: 44750 | N9: 44842 | O9: 44842 | P9: =IFERROR(IF(S9="Terminé",1,(O9-M9+1)/(N9-M9)),0) -> 1 | Q9: =IFERROR(J9/F9,0) -> 0 | R9: =IFERROR(K9/J9,0) -> 0 | S9: Terminé
C10: 2023 | D10: SIMAU | E10: SIMAU_2 | F10: 7422000 | J10: =#REF! -> #REF! | K10: 7422000
B11: 4 | C11: 2022 | D11: SCB LAFARGE | E11: SCB LAFARGE_1 | F11: =3300000*4/4 -> 3300000 | G11: 0 | H11: 0 | I11: =+IFERROR(H11/(IF(G11=0,F11,G11)),0) -> 0 | J11: =+'ETAT DES FACTURATIONS GLOBALES'!H20 -> 3300000 | K11: =+'ETAT DES FACTURATIONS GLOBALES'!N20 -> 3300000 | L11: =+J11-K11 -> 0 | M11: 44902 | N11: 45023 | O11: 45023 | P11: =IFERROR(IF(S11="Terminé",1,(O11-M11+1)/(N11-M11)),0) -> 1 | Q11: =IFERROR(J11/F11,0) -> 1 | R11: =IFERROR(K11/J11,0) -> 1 | S11: Terminé
B12: 5 | C12: 2022 | D12: EGBTP | E12: EGBTP_1 | F12: 12000000 | G12: 0 | H12: 0 | I12: =+IFERROR(H12/(IF(G12=0,F12,G12)),0) -> 0 | J12: 12000000 | K12: 12000000 | L12: =+J12-K12 -> 0 | M12: 44868 | N12: 44960 | O12: 44960 | P12: =IFERROR(IF(S12="Terminé",1,(O12-M12+1)/(N12-M12)),0) -> 1 | Q12: =IFERROR(J12/F12,0) -> 1 | R12: =IFERROR(K12/J12,0) -> 1 | S12: Terminé
C13: 2023 | D13: EGBTP | E13: EGBTP_2 | F13: 28000000 | J13: 28000000 | K13: 28000000
B14: 6 | C14: 2022 | D14: CFAO | E14: CFAO_1 | F14: 6210000 | G14: 0 | H14: 0 | I14: =+IFERROR(H14/(IF(G14=0,F14,G14)),0) -> 0 | J14: 6210000 | K14: 6210000 | L14: =+J14-K14 -> 0 | M14: 44904 | N14: 44994 | O14: 44994 | P14: =IFERROR(IF(S14="Terminé",1,(O14-M14+1)/(N14-M14)),0) -> 1 | Q14: =IFERROR(J14/F14,0) -> 1 | R14: =IFERROR(K14/J14,0) -> 1 | S14: Terminé
C15: 2023 | D15: CFAO | E15: CFAO_2 | F15: 14490000 | J15: 14490000 | K15: 14490000
B16: 7 | C16: 2023 | D16: ADEOTI PMO | E16: ADEOTI PMO_1 | F16: =(42044846*6)+(13277320*6) -> 331932996 | G16: =+[2]BUDGET!$H$116 -> 693386525 | H16: 434346444 | I16: =+IFERROR(H16/(IF(G16=0,F16,G16)),0) -> 0.62641316 | J16: 517815471 | K16: 517815471 | L16: =+J16-K16 -> 0 | M16: 45096 | N16: 45827 | O16: 45676 | P16: =IFERROR(IF(S16="Terminé",1,(O16-M16+1)/(N16-M16)),0) -> 0.79480164 | Q16: =IFERROR(J16/F16,0) -> 1.56 | R16: =IFERROR(K16/J16,0) -> 1 | S16: En cours
C17: 2024 | D17: ADEOTI PMO | E17: ADEOTI PMO_2 | F17: =(42044846*12)+(13277320*12) -> 663865992 | J17: =42044846*12 -> 504538152 | K17: =(42044846*10) -> 420448460 | L17: =+J17-K17 -> 84089692
C18: 2025 | D18: ADEOTI PMO | E18: ADEOTI PMO_3 | F18: =(42044846*2)+(13277320*2)+(55322165*4) -> 331932992 | J18: =(42044846*1) -> 42044846 | L18: =+J18-K18 -> 42044846
B19: 8 | C19: 2024 | D19: BOTINZA | E19: BOTINZA_1 | F19: 226529060 | G19: =+'[3]REVUE CE 27 JUIN'!$F$65 -> 182030000 | H19: 153392979 | I19: =+IFERROR(H19/(IF(G19=0,F19,G19)),0) -> 0.84267966 | J19: =+'ETAT DES FACTURATIONS GLOBALES'!H70 -> 68374900 | K19: =+'ETAT DES FACTURATIONS GLOBALES'!N70 -> 73981642 | L19: =+J19-K19 -> -5606741.8 | M19: 45240 | N19: 45808 | O19: 45667 | P19: =IFERROR(IF(S19="Terminé",1,(O19-M19+1)/(N19-M19)),0) -> 0.75352113 | Q19: =IFERROR(J19/F19,0) -> 0.30183721 | R19: =IFERROR(K19/J19,0) -> 1.082 | S19: En cours
C20: 2025 | D20: BOTINZA | E20: BOTINZA_2 | F20: =341900000-226529060 -> 115370940
B21: 9 | C21: 2024 | D21: SETEC (SOUS TRAITANCE) | E21: SETEC (SOUS TRAITANCE)_1 | F21: 26250000 | G21: 0 | H21: 0 | I21: =+IFERROR(H21/(IF(G21=0,F21,G21)),0) -> 0 | J21: 26250000 | K21: =+'ETAT DES FACTURATIONS GLOBALES'!N125 -> 0 | L21: =+J21-K21 -> 26250000 | M21: 45275 | N21: 45808 | O21: 45672 | P21: =IFERROR(IF(S21="Terminé",1,(O21-M21+1)/(N21-M21)),0) -> 0.7467167 | Q21: =IFERROR(J21/F21,0) -> 1 | R21: =IFERROR(K21/J21,0) -> 0 | S21: En cours
C22: 2025 | D22: SETEC (SOUS TRAITANCE) | E22: SETEC (SOUS TRAITANCE)_2 | F22: 6000000 | J22: 2100000 | L22: =+J22-K22 -> 2100000
B23: 10 | C23: 2023 | D23: OFMAS | E23: OFMAS | F23: 8500000 | G23: 0 | H23: 0 | I23: =+IFERROR(H23/(IF(G23=0,F23,G23)),0) -> 0 | J23: =+'ETAT DES FACTURATIONS GLOBALES'!H10 -> 8500000 | K23: =+'ETAT DES FACTURATIONS GLOBALES'!N10 -> 8500000 | L23: =+J23-K23 -> 0 | M23: 45178 | N23: 45239 | O23: 45239 | P23: =IFERROR(IF(S23="Terminé",1,(O23-M23+1)/(N23-M23)),0) -> 1 | Q23: =IFERROR(J23/F23,0) -> 1 | R23: =IFERROR(K23/J23,0) -> 1 | S23: Terminé
B24: 11 | C24: 2023 | D24: EGBTP | E24: EGBTP | F24: 20664000 | G24: 0 | H24: 0 | I24: =+IFERROR(H24/(IF(G24=0,F24,G24)),0) -> 0 | J24: =+#REF! -> #REF! | K24: =+#REF! -> #REF! | L24: =+J24-K24 -> #REF! | M24: 45051 | N24: 45417 | O24: 45417 | P24: =IFERROR(IF(S24="Terminé",1,(O24-M24+1)/(N24-M24)),0) -> 1.0027322 | Q24: =IFERROR(J24/F24,0) -> 0 | R24: =IFERROR(K24/J24,0) -> 0 | S24: Suspendu
B25: 12 | C25: 2023 | D25: DREAM BEACH | E25: DREAM BEACH_1 | F25: 70592790 | G25: 0 | H25: 0 | I25: =+IFERROR(H25/(IF(G25=0,F25,G25)),0) -> 0 | J25: 70592790 | K25: 17010310 | L25: =+J25-K25 -> 53582480 | M25: 45077 | N25: 45688 | O25: 45688 | P25: =IFERROR(IF(S25="Terminé",1,(O25-M25+1)/(N25-M25)),0) -> 1.0016367 | Q25: =IFERROR(J25/F25,0) -> 1 | R25: =IFERROR(K25/J25,0) -> 0.24096384 | S25: Suspendu
C26: 2024 | D26: DREAM BEACH | E26: DREAM BEACH_2 | F26: =7654640-7654640 -> 0 | J26: 7654640 | L26: =+J26-K26 -> 7654640 | S26: Suspendu
B27: 13 | C27: 2024 | D27: CITES ADMINISTRATIVES (1&2) | E27: CITES ADMINISTRATIVES (1&2)_1 | F27: =423496500+18075000 -> 441571500 | G27: 445022000 | H27: 161608321 | I27: =+IFERROR(H27/(IF(G27=0,F27,G27)),0) -> 0.36314681 | J27: 441571500 | K27: =+'ETAT DES FACTURATIONS GLOBALES'!N89+'ETAT DES FACTURATIONS GLOBALES'!N103 -> 109800000 | L27: =+J27-K27 -> 331771500 | M27: 45352 | N27: 46081 | O27: 45658 | P27: =IFERROR(IF(S27="Terminé",1,(O27-M27+1)/(N27-M27)),0) -> 0.42112483 | Q27: =IFERROR(J27/F27,0) -> 1 | R27: =IFERROR(K27/J27,0) -> 0.24865735 | S27: En cours
C28: 2025 | D28: CITES ADMINISTRATIVES (1&2) | E28: CITES ADMINISTRATIVES (1&2)_2 | F28: =31000000*12 -> 372000000 | J28: =30715500+18075000+12640500 -> 61431000 | L28: =+J28-K28 -> 61431000
C29: 2026 | D29: CITES ADMINISTRATIVES (1&2) | E29: CITES ADMINISTRATIVES (1&2)_3 | F29: =882000000-423496500-372000000 -> 86503500
B30: 14 | C30: 2024 | D30: MATIERE | E30: MATIERE | F30: 431615463 | G30: 0 | H30: 161547108 | I30: =+IFERROR(H30/(IF(G30=0,F30,G30)),0) -> 0.3742848 | J30: =+'ETAT DES FACTURATIONS GLOBALES'!H110 -> 0 | K30: =+'ETAT DES FACTURATIONS GLOBALES'!N110 -> 0 | L30: =+J30-K30 -> 0 | M30: 45450 | N30: 45633 | O30: 45633 | P30: =IFERROR(IF(S30="Terminé",1,(O30-M30+1)/(N30-M30)),0) -> 1 | Q30: =IFERROR(J30/F30,0) -> 0 | R30: =IFERROR(K30/J30,0) -> 0 | S30: Terminé
B31: 15 | C31: 2024 | D31: AGIRE | E31: AGIRE | F31: 25773196 | H31: 0 | I31: =+IFERROR(H31/(IF(G31=0,F31,G31)),0) -> 0 | J31: =+'ETAT DES FACTURATIONS GLOBALES'!H113 -> 25773196 | K31: =+'ETAT DES FACTURATIONS GLOBALES'!N113 -> 25773197 | L31: =+J31-K31 -> -0.6 | M31: 45503 | N31: 45595 | P31: =IFERROR(IF(S31="Terminé",1,(O31-M31+1)/(N31-M31)),0) -> 1 | Q31: =IFERROR(J31/F31,0) -> 1 | R31: =IFERROR(K31/J31,0) -> 1 | S31: Terminé
B32: 16 | C32: 2024 | D32: CONOCO | E32: CONOCO_1 | F32: 237988922 | G32: 0 | H32: 284111717 | I32: =+IFERROR(H32/(IF(G32=0,F32,G32)),0) -> 1.1938023 | J32: =+'ETAT DES FACTURATIONS GLOBALES'!H130 -> 0 | K32: =+'ETAT DES FACTURATIONS GLOBALES'!N130 -> 0 | L32: =+J32-K32 -> 0 | M32: 45447 | N32: 45630 | O32: 45661 | P32: =IFERROR(IF(S32="Terminé",1,(O32-M32+1)/(N32-M32)),0) -> 1.1748634 | Q32: =IFERROR(J32/F32,0) -> 0 | R32: =IFERROR(K32/J32,0) -> 0 | S32: En cours
C33: 2025 | D33: CONOCO | E33: CONOCO_2 | F33: =309056338-237988922 -> 71067416
B34: 17 | C34: 2024 | D34: NATIVE HOTEL | E34: NATIVE HOTEL_1 | F34: 5600000 | G34: 0 | H34: 25300 | I34: =+IFERROR(H34/(IF(G34=0,F34,G34)),0) -> 0.0045178571 | J34: 5600000 | K34: 5600000 | L34: =+J34-K34 -> 0 | M34: 45596 | N34: 45808 | O34: 45688 | P34: =IFERROR(IF(S34="Terminé",1,(O34-M34+1)/(N34-M34)),0) -> 0.43867925 | Q34: =IFERROR(J34/F34,0) -> 1 | R34: =IFERROR(K34/J34,0) -> 1 | S34: En cours
C35: 2025 | D35: NATIVE HOTEL | E35: NATIVE HOTEL_2 | F35: =11200000-5600000 -> 5600000 | J35: 1120000 | K35: 1120000 | L35: =+J35-K35 -> 0
B36: 18 | C36: 2024 | D36: JULIUS BERGER | E36: JULIUS BERGER_1 | F36: 9900000 | G36: 0 | H36: 4241423 | I36: =+IFERROR(H36/(IF(G36=0,F36,G36)),0) -> 0.42842657 | J36: 9900000 | K36: =+'ETAT DES FACTURATIONS GLOBALES'!N151 -> 0 | L36: =+J36-K36 -> 9900000 | M36: 45607 | N36: 46337 | O36: 45668 | P36: =IFERROR(IF(S36="Terminé",1,(O36-M36+1)/(N36-M36)),0) -> 0.084931507 | Q36: =IFERROR(J36/F36,0) -> 1 | R36: =IFERROR(K36/J36,0) -> 0 | S36: En cours
C37: 2025 | D37: JULIUS BERGER | E37: JULIUS BERGER_2 | F37: =4950000*12 -> 59400000 | J37: 4950000 | L37: =+J37-K37 -> 4950000
C38: 2026 | D38: JULIUS BERGER | E38: JULIUS BERGER_3 | F38: =4950000*10 -> 49500000
B39: 19 | C39: 2025 | D39: DREAM BEACH | E39: DREAM BEACH_1 | F39: =7500000*12 -> 90000000 | G39: 0 | H39: 4219711 | I39: =+IFERROR(H39/(IF(G39=0,F39,G39)),0) -> 0.046885678 | J39: =+'ETAT DES FACTURATIONS GLOBALES'!H170 -> 0 | K39: =+'ETAT DES FACTURATIONS GLOBALES'!N170 -> 0 | L39: =+J39-K39 -> 0 | M39: 45623 | N39: 46234 | O39: 45684 | P39: =IFERROR(IF(S39="Terminé",1,(O39-M39+1)/(N39-M39)),0) -> 0.101473 | Q39: =IFERROR(J39/F39,0) -> 0 | R39: =IFERROR(K39/J39,0) -> 0 | S39: En cours
C40: 2026 | D40: DREAM BEACH | E40: DREAM BEACH_2 | F40: =7500000*4 -> 30000000
B41: 20 | C41: 2025 | D41: PRISON CIVILE DE OUEDO | E41: PRISON CIVILE DE OUEDO_1 | F41: =(199470000/19)*10 -> 1.0498421e+08 | G41: 0 | H41: 3244860 | I41: =+IFERROR(H41/(IF(G41=0,F41,G41)),0) -> 0.030908076 | J41: 0 | K41: 0 | L41: =+J41-K41 -> 0 | M41: 45677 | N41: 46295 | O41: 45677 | P41: =IFERROR(IF(S41="Terminé",1,(O41-M41+1)/(N41-M41)),0) -> 0.001618123 | Q41: =IFERROR(J41/F41,0) -> 0 | R41: =IFERROR(K41/J41,0) -> 0 | S41: En cours
C42: 2026 | D42: PRISON CIVILE DE OUEDO | E42: PRISON CIVILE DE OUEDO_2 | F42: =199470000*9/19 -> 94485789
B43: 21 | C43: 2025 | E43: 9 PONTS HYDRAULIQUES | G43: 0 | H43: 0 | I43: =+IFERROR(H43/(IF(G43=0,F43,G43)),0) -> 0 | L43: =+J43-K43 -> 0 | P43: =IFERROR(IF(S43="Terminé",1,(O43-M43+1)/(N43-M43)),0) -> 0 | Q43: =IFERROR(J43/F43,0) -> 0 | R43: =IFERROR(K43/J43,0) -> 0 | S43: En cours
B44: 22 | C44: 2025 | E44: HOTEL DE VILLE DE PORTO | F44: 372908000 | G44: 0 | H44: 0 | I44: =+IFERROR(H44/(IF(G44=0,F44,G44)),0) -> 0 | L44: =+J44-K44 -> 0 | P44: =IFERROR(IF(S44="Terminé",1,(O44-M44+1)/(N44-M44)),0) -> 0 | Q44: =IFERROR(J44/F44,0) -> 0 | R44: =IFERROR(K44/J44,0) -> 0 | S44: En cours
B45: 23 | C45: 2025 | E45: CONTRÔLE DES TRAVAUX CARREFOUR BELIER | F45: 74884000 | G45: 0 | H45: 0 | I45: =+IFERROR(H45/(IF(G45=0,F45,G45)),0) -> 0 | L45: =+J45-K45 -> 0 | P45: =IFERROR(IF(S45="Terminé",1,(O45-M45+1)/(N45-M45)),0) -> 0 | Q45: =IFERROR(J45/F45,0) -> 0 | R45: =IFERROR(K45/J45,0) -> 0 | S45: En cours
B46: 24 | C46: 2025 | E46: DET 22 STADES COMMUNAUX | F46: 323000000 | G46: 0 | H46: 0 | I46: =+IFERROR(H46/(IF(G46=0,F46,G46)),0) -> 0 | L46: =+J46-K46 -> 0 | P46: =IFERROR(IF(S46="Terminé",1,(O46-M46+1)/(N46-M46)),0) -> 0 | Q46: =IFERROR(J46/F46,0) -> 0 | R46: =IFERROR(K46/J46,0) -> 0 | S46: En cours
B47: 25 | C47: 2025 | E47: CDCB | F47: 3375000 | G47: 0 | H47: 0 | I47: =+IFERROR(H47/(IF(G47=0,F47,G47)),0) -> 0 | L47: =+J47-K47 -> 0 | P47: =IFERROR(IF(S47="Terminé",1,(O47-M47+1)/(N47-M47)),0) -> 0 | Q47: =IFERROR(J47/F47,0) -> 0 | R47: =IFERROR(K47/J47,0) -> 0 | S47: En cours
B48: 26 | C48: 2025 | E48: ADEOTI/ Mission d’assistance pour le passage en comptabilité analytique d’exploitation et coaching du DAF de l’entreprise | F48: 40000000 | G48: 0 | H48: 3810000 | I48: =+IFERROR(H48/(IF(G48=0,F48,G48)),0) -> 0.09525 | L48: =+J48-K48 -> 0 | P48: =IFERROR(IF(S48="Terminé",1,(O48-M48+1)/(N48-M48)),0) -> 0 | Q48: =IFERROR(J48/F48,0) -> 0 | R48: =IFERROR(K48/J48,0) -> 0 | S48: En cours
B49: 27 | C49: 2025 | E49: Fonctionnement du Siège | F49: 0 | G49: 5.122628e+08 | H49: 0 | I49: =+IFERROR(H49/(IF(G49=0,F49,G49)),0) -> 0 | J49: 0 | K49: 0 | L49: =+J49-K49 -> 0 | M49: 45658 | N49: 46022 | O49: 45688 | P49: =IFERROR(IF(S49="Terminé",1,(O49-M49+1)/(N49-M49)),0) -> 0.085164835 | Q49: =IFERROR(J49/F49,0) -> 0 | R49: =IFERROR(K49/J49,0) -> 0 | S49: En cours
B50: 28 | C50: 2025 | D50: MATIERE PMO | E50: MATIERE PMO_1 | F50: =(384911850*30%)+(269438295*11/12) -> 3.6245866e+08 | I50: =+IFERROR(H50/(IF(G50=0,F50,G50)),0) -> 0 | L50: =+J50-K50 -> 0 | P50: =IFERROR(IF(S50="Terminé",1,(O50-M50+1)/(N50-M50)),0) -> 0 | Q50: =IFERROR(J50/F50,0) -> 0 | R50: =IFERROR(K50/J50,0) -> 0
B51: 29 | C51: 2026 | D51: MATIERE PMO | E51: MATIERE PMO_2 | F51: =269438295*1/12 -> 22453191 | I51: =+IFERROR(H51/(IF(G51=0,F51,G51)),0) -> 0 | L51: =+J51-K51 -> 0 | P51: =IFERROR(IF(S51="Terminé",1,(O51-M51+1)/(N51-M51)),0) -> 0 | Q51: =IFERROR(J51/F51,0) -> 0 | R51: =IFERROR(K51/J51,0) -> 0
B52: 30 | I52: =+IFERROR(H52/(IF(G52=0,F52,G52)),0) -> 0 | L52: =+J52-K52 -> 0 | P52: =IFERROR(IF(S52="Terminé",1,(O52-M52+1)/(N52-M52)),0) -> 0 | Q52: =IFERROR(J52/F52,0) -> 0 | R52: =IFERROR(K52/J52,0) -> 0
B53: 31 | I53: =+IFERROR(H53/(IF(G53=0,F53,G53)),0) -> 0 | L53: =+J53-K53 -> 0 | P53: =IFERROR(IF(S53="Terminé",1,(O53-M53+1)/(N53-M53)),0) -> 0 | Q53: =IFERROR(J53/F53,0) -> 0 | R53: =IFERROR(K53/J53,0) -> 0
B54: 32 | I54: =+IFERROR(H54/(IF(G54=0,F54,G54)),0) -> 0 | L54: =+J54-K54 -> 0 | P54: =IFERROR(IF(S54="Terminé",1,(O54-M54+1)/(N54-M54)),0) -> 0 | Q54: =IFERROR(J54/F54,0) -> 0 | R54: =IFERROR(K54/J54,0) -> 0
B55: 33 | I55: =+IFERROR(H55/(IF(G55=0,F55,G55)),0) -> 0 | L55: =+J55-K55 -> 0 | P55: =IFERROR(IF(S55="Terminé",1,(O55-M55+1)/(N55-M55)),0) -> 0 | Q55: =IFERROR(J55/F55,0) -> 0 | R55: =IFERROR(K55/J55,0) -> 0
B56: 34 | I56: =+IFERROR(H56/(IF(G56=0,F56,G56)),0) -> 0 | L56: =+J56-K56 -> 0 | P56: =IFERROR(IF(S56="Terminé",1,(O56-M56+1)/(N56-M56)),0) -> 0 | Q56: =IFERROR(J56/F56,0) -> 0 | R56: =IFERROR(K56/J56,0) -> 0
B57: 35 | I57: =+IFERROR(H57/(IF(G57=0,F57,G57)),0) -> 0 | L57: =+J57-K57 -> 0 | P57: =IFERROR(IF(S57="Terminé",1,(O57-M57+1)/(N57-M57)),0) -> 0 | Q57: =IFERROR(J57/F57,0) -> 0 | R57: =IFERROR(K57/J57,0) -> 0
B58: 36 | I58: =+IFERROR(H58/(IF(G58=0,F58,G58)),0) -> 0 | L58: =+J58-K58 -> 0 | P58: =IFERROR(IF(S58="Terminé",1,(O58-M58+1)/(N58-M58)),0) -> 0 | Q58: =IFERROR(J58/F58,0) -> 0 | R58: =IFERROR(K58/J58,0) -> 0
B59: 37 | I59: =+IFERROR(H59/(IF(G59=0,F59,G59)),0) -> 0 | L59: =+J59-K59 -> 0 | P59: =IFERROR(IF(S59="Terminé",1,(O59-M59+1)/(N59-M59)),0) -> 0 | Q59: =IFERROR(J59/F59,0) -> 0 | R59: =IFERROR(K59/J59,0) -> 0
B60: 38 | I60: =+IFERROR(H60/(IF(G60=0,F60,G60)),0) -> 0 | L60: =+J60-K60 -> 0 | P60: =IFERROR(IF(S60="Terminé",1,(O60-M60+1)/(N60-M60)),0) -> 0 | Q60: =IFERROR(J60/F60,0) -> 0 | R60: =IFERROR(K60/J60,0) -> 0
B61: 39 | I61: =+IFERROR(H61/(IF(G61=0,F61,G61)),0) -> 0 | L61: =+J61-K61 -> 0 | P61: =IFERROR(IF(S61="Terminé",1,(O61-M61+1)/(N61-M61)),0) -> 0 | Q61: =IFERROR(J61/F61,0) -> 0 | R61: =IFERROR(K61/J61,0) -> 0
B62: 40 | I62: =+IFERROR(H62/(IF(G62=0,F62,G62)),0) -> 0 | L62: =+J62-K62 -> 0 | P62: =IFERROR(IF(S62="Terminé",1,(O62-M62+1)/(N62-M62)),0) -> 0 | Q62: =IFERROR(J62/F62,0) -> 0 | R62: =IFERROR(K62/J62,0) -> 0
B63: 41 | I63: =+IFERROR(H63/(IF(G63=0,F63,G63)),0) -> 0 | L63: =+J63-K63 -> 0 | P63: =IFERROR(IF(S63="Terminé",1,(O63-M63+1)/(N63-M63)),0) -> 0 | Q63: =IFERROR(J63/F63,0) -> 0 | R63: =IFERROR(K63/J63,0) -> 0
B64: 42 | I64: =+IFERROR(H64/(IF(G64=0,F64,G64)),0) -> 0 | L64: =+J64-K64 -> 0 | P64: =IFERROR(IF(S64="Terminé",1,(O64-M64+1)/(N64-M64)),0) -> 0 | Q64: =IFERROR(J64/F64,0) -> 0 | R64: =IFERROR(K64/J64,0) -> 0
B65: TOTAL | F65: =SUM(F7:F64) -> 5245822617 | G65: =SUM(G7:G64) -> 1.8327013e+09 | H65: =SUM(H7:H64) -> 1210547863 | J65: =SUM(J7:J64) -> #REF! | K65: =SUM(K7:K64) -> #REF! | L65: =SUM(L7:L64) -> #REF!
F67: CARNET DE COMMANDE | M67: Créances douteuses | N67: Restant dû réel
F68: 2022 | G68: 2023 | H68: 2024 | I68: 2025 | J68: 2026
F69: =SUMIF($C$7:$C$64,$F$68,$F$7:$F$64) -> 79203000 | G69: =SUMIF($C$7:$C$64,$G$68,$F$7:$F$64) -> 481601786 | H69: =SUMIF($C$7:$C$64,$H$68,$F$7:$F$64) -> 2069094133 | I69: =SUMIF($C$7:$C$64,$I$68,$F$7:$F$64) -> 2.3329812e+09 | J69: =SUMIF($C$7:$C$64,$J$68,$F$7:$F$64) -> 2.8294248e+08 | M69: =+L24+L25 -> #REF! | N69: =L65-M69 -> #REF!
B71: TRESORERIE
B73: SOLDE A DATE
B74: LOCALISATION | E74: MONTANT | G74: MOIS | H74: Rémunérations Personnel/Consultants | J74: Dettes fournisseurs | K74: Impôts du mois | L74: Prélèvement auto | M74: Frais bancaires | N74: Remboursements | O74: SOUS-TOTAUX | P74: SOLDE DE TRESO
B75: Caisse siège | E75: =[4]RECAPITULATIFS!$G$7 -> 465925 | G75: Février | H75: =[4]RECAPITULATIFS!$E$13 -> 35000000 | J75: =[4]RECAPITULATIFS!$E$14 -> 2.1325238e+08 | K75: =[4]RECAPITULATIFS!$E$15 -> 311836924 | L75: =[4]RECAPITULATIFS!#REF! -> #REF! | M75: =[4]RECAPITULATIFS!$E$16 -> 24288588 | N75: =[4]RECAPITULATIFS!#REF! -> #REF! | O75: =SUM(H75:N75) -> #REF! | P75: =E87-O75 -> #REF!
B76: Caisse Parakou | E76: =[4]RECAPITULATIFS!#REF! -> #REF! | O76: =SUM(H76:N76) -> 0
B77: BOA | E77: =[4]RECAPITULATIFS!$G$8 -> 38675263 | O77: =SUM(H77:N77) -> 0
B78: BAB | E78: =[4]RECAPITULATIFS!$G$9 -> 352056117 | O78: =SUM(H78:N78) -> 0
B79: BIIC | E79: =[4]RECAPITULATIFS!$G$10 -> 240354764 | O79: =SUM(H79:N79) -> 0
O80: =SUM(H80:N80) -> 0
O81: =SUM(H81:N81) -> 0
O82: =SUM(H82:N82) -> 0
O83: =SUM(H83:N83) -> 0
O84: =SUM(H84:N84) -> 0
O85: =SUM(H85:N85) -> 0
O86: =SUM(H86:N86) -> 0
B87: TOTAL | E87: =SUM(E75:E86) -> #REF! | O87: =SUM(H87:N87) -> 0
O88: =SUM(H88:N88) -> 0
O89: =SUM(H89:N89) -> 0
G90: TOTAL | J90: =SUM(J75:J89) -> 2.1325238e+08 | K90: =SUM(K75:K89) -> 311836924 | L90: =SUM(L75:L89) -> #REF! | M90: =SUM(M75:M89) -> 24288588 | O90: =SUM(O75:O89) -> #REF!

Sheet DETAILS PROJETS
B4: N° | C4: Année | D4: ENTITE | E4: Désignation projet | F4: CA par projet | G4: Etat du projet
B5: 1 | C5: 2022 | D5: GTP | E5: GTP | F5: 15375000 | G5: Terminé
B6: 2 | C6: 2022 | D6: OFMAS | E6: OFMAS | F6: 25000000 | G6: Terminé
B7: 3 | C7: 2022 | D7: SIMAU | E7: SIMAU | F7: 24740000 | G7: Terminé
B8: 4 | C8: 2022 | D8: SCB LAFARGE | E8: SCB LAFARGE | F8: 3300000 | G8: Terminé
B9: 5 | C9: 2022 | D9: EGBTP | E9: EGBTP | F9: 40000000 | G9: Terminé
B10: 6 | C10: 2022 | D10: CFAO | E10: CFAO | F10: 20700000 | G10: Terminé
B11: 7 | C11: 2023 | D11: ADEOTI | E11: ADEOTI PMO | F11: 1327731959 | G11: En cours
B12: 8 | C12: 2023 | D12: BOTINZA | E12: BOTINZA | F12: 341900000 | G12: En cours
B13: 9 | C13: 2023 | D13: SETEC | E13: SETEC (SOUS TRAITANCE) | F13: 32250000 | G13: En cours
B14: 10 | C14: 2023 | D14: OFMAS | E14: OFMAS | F14: 8500000 | G14: Terminé
B15: 11 | C15: 2023 | D15: EGBTP | E15: EGBTP | F15: 68880000 | G15: Suspendu
B16: 12 | C16: 2023 | D16: COVE BEACH | E16: DREAM BEACH | F16: 165000000 | G16: Suspendu
... B21: 17 | C21: 2024 | D21: JULIUS BERGER | E21: Mise à disposition d’un Contract Manager | F21: 118800000 | G21: En cours
B22: 18 | C22: 2024 | D22: COVE BEACH | E22: Hotel Cove Beach | F22: =7500000*16 -> 120000000 | G22: En cours
B23: 19 | C23: 2025 | D23: SIRAT | E23: PRISON CIVILE DE OUEDO | F23: 199470000 | G23: En cours
B24: 20 | C24: 2025 | D24: MATIERE | E24: Mise en place d'un Bureau de Management de Projet (PMO) pour l'Entreprise MATIERE BENIN (12 mois) | F24: 384911850 | G24: En cours
B25: 21 | C25: 2025 | D25: SIRAT | E25: HOTEL DE VILLE DE PORTO | F25: 372908000 | G25: En cours de contractualisation
B26: 22 | C26: 2025 | D26: SIRAT | E26: CONTRÔLE DES TRAVAUX CARREFOUR BELIER | F26: 74884000 | G26: En cours de contractualisation
B27: 23 | C27: 2025 | D27: SIRAT | E27: DET 22 STADES COMMUNAUX | F27: 323000000 | G27: En cours de contractualisation
B28: 24 | C28: 2025 | D28: CDCB | E28: L'audit de l'usine ORANA | F28: 3375000 | G28: En cours de contractualisation
B29: 25 | C29: 2025 | D29: ADEOTI | E29: Mission d’assistance pour le passage en comptabilité analytique d’exploitation et coaching du DAF de l’entreprise | F29: 40000000 | G29: En cours de contractualisation
B30: 26 | C30: 2025 | D30: SIRAT | E30: Construction de la cité financière phase 1 SIMAU BIIC CDCB-CAGC & INSTAD (22 mois) | F30: 945652000 | G30: En cours de contractualisation
B31: TOTAL | F31: =SUM(F5:F30) -> 6290249610

Sheet projet avec budget
B8: TABLEAU DE BORD FINANCIER AU ______________________________
B12: COMPTE DE GESTION
B14: N° | C14: Année | D14: ENTITE | E14: CA par projet | F14: Budget par projet | G14: Dépenses réelles | H14: %Cons. Budget | I14: Facturé | J14: Encaissé | K14: Reste dû sur facturation | L14: %Cons. Délai | M14: %Facturation | N14: %Encaissement
B15: 1 | C15: 2023 | D15: ADEOTI | E15: 1327731959 | F15: =+[5]BUDGET!$H$117 -> 693386525 | G15: 447991797 | H15: =+IFERROR(G15/(IF(F15=0,E15,F15)),0) -> 0.64609245 | I15: ='ETAT DES FACTURATIONS GLOBALES'!H46 -> 307591241 | J15: ='ETAT DES FACTURATIONS GLOBALES'!N46 -> 3.0759124e+08 | K15: =+I15-J15 -> 0.38 | L15: 0.79480164 | M15: 0.83333335 | N15: 0.848
B16: 2 | C16: 2023 | D16: BOTINZA | E16: 341900000 | F16: =+'[6]REVUE CE 27 JUIN'!$F$66 -> 182030000 | G16: 160000584 | H16: =+IFERROR(G16/(IF(F16=0,E16,F16)),0) -> 0.8789792 | I16: ='ETAT DES FACTURATIONS GLOBALES'!H70 -> 68374900 | J16: ='ETAT DES FACTURATIONS GLOBALES'!N70 -> 73981642 | K16: =+I16-J16 -> -5606741.8 | L16: 0.75352113 | M16: 0.85033176 | N16: 0.77917754
B17: 3 | C17: 2024 | D17: SIRAT | E17: 882000000 | F17: 445022000 | G17: 176382454 | H17: =+IFERROR(G17/(IF(F17=0,E17,F17)),0) -> 0.39634547 | I17: ='ETAT DES FACTURATIONS GLOBALES'!H89+'ETAT DES FACTURATIONS GLOBALES'!H103 -> 109800000 | J17: ='ETAT DES FACTURATIONS GLOBALES'!N89+'ETAT DES FACTURATIONS GLOBALES'!N103 -> 109800000 | K17: =+I17-J17 -> 0 | L17: 0.42112483 | M17: 0.57029762 | N17: 0.93893569

Sheet projets sans budget
B8: TABLEAU DE BORD FINANCIER AU ______________________________
B12: COMPTE DE GESTION
B14: N° | C14: Année | D14: ENTITE | E14: CA par projet | F14: Dépenses réelles | G14: Facturé | H14: Encaissé | I14: Reste dû sur facturation | J14: %Cons. Délai | K14: %Facturation | L14: %Encaissement
B15: 1 | C15: 2023 | D15: SETEC (SOUS TRAITANCE) | E15: 32250000 | F15: 0 | G15: ='ETAT DES FACTURATIONS GLOBALES'!H125 -> 0 | H15: ='ETAT DES FACTURATIONS GLOBALES'!N125 -> 0 | I15: =+G15-H15 -> 0 | J15: 0.7467167 | K15: 0.94418605 | L15: 0.79310345
B16: 2 | C16: 2024 | D16: MATIERE | E16: 431615463 | F16: 161547108 | G16: ='ETAT DES FACTURATIONS GLOBALES'!H110 -> 0 | H16: ='ETAT DES FACTURATIONS GLOBALES'!N110 -> 0 | I16: =+G16-H16 -> 0 | J16: 1 | K16: 1 | L16: 0.7
B17: 3 | C17: 2024 | D17: CONOCO | E17: 309056338 | F17: 296783717 | G17: ='ETAT DES FACTURATIONS GLOBALES'!H130 -> 0 | H17: ='ETAT DES FACTURATIONS GLOBALES'!N130 -> 0 | I17: =+G17-H17 -> 0 | J17: 1.1748634 | K17: 0.77005029 | L17: 0.45451577
B18: 4 | C18: 2024 | D18: NATIVE HOTEL | E18: 11200000 | F18: 25300 | G18: ='ETAT DES FACTURATIONS GLOBALES'!H139 -> 0 | H18: ='ETAT DES FACTURATIONS GLOBALES'!N139 -> 0 | I18: =+G18-H18 -> 0 | J18: 0.43867925 | K18: 0.7 | L18: 0.85714286
B19: 5 | C19: 2024 | D19: JULIUS BERGER | E19: 118800000 | F19: 6359398 | G19: ='ETAT DES FACTURATIONS GLOBALES'!H151 -> 0 | H19: ='ETAT DES FACTURATIONS GLOBALES'!N151 -> 0 | I19: =+G19-H19 -> 0 | J19: 0.084931507 | K19: 0.16666667 | L19: 0.25
B20: 6 | C20: 2024 | D20: DREAM BEACH | E20: =7500000*16 -> 120000000 | F20: 8443422 | G20: ='ETAT DES FACTURATIONS GLOBALES'!H170 -> 0 | H20: ='ETAT DES FACTURATIONS GLOBALES'!N170 -> 0 | I20: =+G20-H20 -> 0 | J20: 0.101473 | K20: 0.0625 | L20: 0
B21: 7 | C21: 2025 | D21: SIRAT (Prison civile) | E21: 199470000 | F21: 3244860 | G21: 0 | H21: 0 | I21: =+G21-H21 -> 0 | J21: 0.001618123 | K21: 0 | L21: 0
B22: 8 | C22: 2025 | D22: MATIERE (9 ponts) | E22: 384911850 | F22: 450625 | G22: 0 | H22: 0 | I22: =+G22-H22 -> 0 | J22: 0.002739726 | K22: 0 | L22: 0
B23: 9 | C23: 2025 | D23: HOTEL DE VILLE DE PORTO | E23: 372908000 | F23: 0 | G23: 0 | H23: 0 | I23: =+G23-H23 -> 0 | J23: 0 | K23: 0 | L23: 0
B24: 10 | C24: 2025 | D24: CONTRÔLE DES TRAVAUX CARREFOUR BELIER | E24: 74884000 | F24: 0 | G24: 0 | H24: 0 | I24: =+G24-H24 -> 0 | J24: 0 | K24: 0 | L24: 0
B25: 11 | C25: 2025 | D25: DET 22 STADES COMMUNAUX | E25: 323000000 | F25: 0 | G25: 0 | H25: 0 | I25: =+G25-H25 -> 0 | J25: 0 | K25: 0 | L25: 0
B26: 12 | C26: 2025 | D26: CDCB | E26: 3375000 | F26: 450000 | G26: 0 | H26: 0 | I26: =+G26-H26 -> 0 | J26: 0 | K26: 0 | L26: 0
B27: 13 | C27: 2025 | D27: ADEOTI | E27: 40000000 | F27: 3810000 | G27: 0 | H27: 0 | I27: =+G27-H27 -> 0 | J27: 0 | K27: 0 | L27: 0
B28: 14 | C28: 2025 | D28: SIRAT | E28: 945652000 | G28: 0 | H28: 0 | I28: =+G28-H28 -> 0 | J28: 0 | K28: 0 | L28: 0

Sheet DATA
A2: STATUT | C2: annee | E2: MOIS
A3: En cours | C3: 2022 | E3: Janvier
A4: Terminé | C4: 2023 | E4: Février
A5: En cours de contractualisation | C5: 2024 | E5: Mars
A6: Suspendu | C6: 2025 | E6: Avril
C7: 2026 | E7: Mai
E8: Juin
E9: Juillet
E10: Août
E11: Septembre
E12: Octobre
E13: Novembre
E14: Décembre

Sheet Mémo explicatif
A3: MEMO EXPLICATION DES INDICATEURS MIS EN PLACE
A5: Indicateurs de prise de décision ou d'alerte
A6: - %Cons. budget qui doit être comparé au %cons. délais.
A7: Si %Cons. du budget est supérieur au %Cons. Délais alors il faut vérifier les postes de dépassement et prendre une décision ou alors revoir le budget dudit marché
A8: Sinon le budget sera dépassé avant la fin des délais des travaux
A9: - Reste dû sur facturation permet de contrôler l'évolution des encaissement par rapport à la facturation et permettra de faciliter la prise de décision et de faire des relances
A10: - %Cons. délais permet de connaitre l'avancement des délais par rapport à l'OS de démarrage, un indicateur est mis dans le cas où les délais sont dépassés
A11: - %Facturation permettra de faire le rapprochement entre avec le %Cons. delais et se rassurer qu'il n'y ait pas un très grand écart
A12: - %Encaissement est calculé par rapport à la facturation et nous permettra de faire le rapprochement par rapport au Reste dû sur facturation
A13: - Etat du projet permet de savoir si le projet est en cours ou terminé ou suspendu

Sheet CARNET DE CMDE
B2: CARNET DE COMMANDE
H4: Mis à jour | I4: =TODAY() -> 45895
B6: PROJETS | C6: Date de début | D6: Date de fin | E6: Montant du Contrat | F6: Montant facturé | G6: Carnet de commande | H6: Montant encaissé | I6: Reste à encaisser
B7: GTP | C7: 44676 | D7: 44722
B8: OFMAS | C8: 44808 | D8: 44914
B9: SIMAU | C9: 44750 | D9: 44842
B10: SCB LAFARGE | C10: 44902 | D10: 45023
B11: EGBTP | C11: 44868 | D11: 44960
B12: CFAO | C12: 44904 | D12: 44994
B13: OFMAS | C13: 45178 | D13: 45239
B14: EGBTP (Suspendu)
B15: DREAM BEACH (Suspendu)
B16: ADEOTI | C16: 45096 | D16: 45827
B17: BOTINZA | C17: 45240 | D17: 45808
B18: CITES ADM LOT 1 | C18: 45352 | D18: 46081
B19: CITES ADM LOT 2 | C19: 45352 | D19: 46081
B20: MATIERE | C20: 45450 | D20: 45633
B21: SOUS TRAITANCE SETEC | C21: 45275 | D21: 45808
B22: CONOCO | C22: 45447 | D22: 45630
B23: NATIVE HOTEL | C23: 45596 | D23: 45808
B24: JULIUS BERGER | C24: 45607 | D24: 46337
B25: DREAM BEACH | C25: 45623 | D25: 46234
B26: PRISON CIVILE DE OUEDO | C26: 45677 | D26: 46295
B27: PMO MATIERE | C27: 45708 | D27: 46073
B28: ADEOTI/ ETUDES METHODES D'EXECUTION ET BILAN DES RESSOURCES
B29: CDCB
B30: ADEOTI/ Mission d’assistance pour le passage en comptabilité analytique d’exploitation et coaching du DAF de l’entreprise
B31: CONTRÔLE DES TRAVAUX CARREFOUR LE BELIER PTB | C31: 45689 | D31: 45900
B32: Mission de DET dans le cadre du projet de Construction de l'Hôtel de Ville de Porto Novo | C32: 45810 | D32: 46448
B33: Mission de DET dans le cadre du projet de construction de la Cité Financière phase 1
B34: MISSION DE DIRECTION D’EXECUTION DES TRAVAUX (DET) DANS LE CADRE DES TRAVAUX DE MAINTENANCE ET DE SAUVEGARDE DES OUVRAGES DE VINGT-DEUX (22) STADES DE TYPE OMNISPORT | C34: 45784 | D34: 46149
B35: Marché relatif au suivi d'un projet d'installation d'une usine de fabrication de matériaux de construction financé par la CDCB | C35: 45819
B36: Marché relatif au suivi d'un projet d'installation d'une usine de transformation d'agrume et d'ananas financé par la CDCB | C36: 45819
B37: Réalisation du contrôle et surveillance des travaux de 9 ponts unibridge et de 16 ouvrages hydraulique en zone péri-urbaine au Bénin (12 mois)
B38: Contrôle et surveillance des travaux d'installations de deux postes de péages mobiles à Kétou et Houègbo (4mois)
B39: Contrôle et surveillance des travaux de réparation des dégradations critiques relevées sur le réseau routier national dans les départements de l'Alibori ,,,,lot 1 (5 mois)
B40: Avenant au Contrat_Assistance au projet de construction Villas Natives à Ouidah (6 mois)
G46: =E46-F46 -> 0 | I46: =+F46-H46 -> 0
B47: TOTAL | E47: =SUM(E7:E46) -> 0 | F47: =SUM(F7:F46) -> 0 | G47: =SUM(G7:G46) -> 0 | H47: =SUM(H7:H46) -> 0 | I47: =SUM(I7:I46) -> 0

Sheet ETAT DES FACTURATIONS GLOBA (2)
E2: GERER LE SECRETARIAT GENERAL | Q2: GSG-F07-V0 22/07/2024
E3: ETAT GLOBAL DES FACTURATIONS ET PAIEMENTS
A4: Mise à jour du : | C4: =TODAY() -> 45895
B6: NUMERO AFFAIRE | C6: N° FACTURE | D6: MOIS | E6: DATE FACTURATION | F6: DATE DEPÔT FACTURE | G6: DATE DE REGLEMENT | H6: MONTANT BRUT HTVA | I6: TVA | J6: AIB | K6: MONTANT NET HT | L6: MONTANT NET TTC A PAYER | M6: MONTANT TTC ENCAISSE | N6: MONTANT BRUT HT ENCAISSE | O6: MONTANT NET HT ENCAISSE | P6: RESTANT DÛ TTC / FACTURE | Q6: RESTANT DÛ REEL NET TTC | R6: RESTANT DÛ BRUT HT | S6: RESTANT DÛ NET HT | T6: DELAI DE PAIEMENT
B7: AFFAIREAF002 OFMAS | C7: 013-22 | D7: Avance de démarrage | E7: 44879 | F7: 44879 | G7: 44761 | H7: 7500000 | I7: =H7*0.18 -> 1350000 | J7: =+-H7*3% -> -225000 | K7: =+H7+J7 -> 7275000 | L7: =H7+I7+J7 -> 8625000 | M7: 8625000 | N7: =+M7-I7-J7 -> 7500000 | O7: =+M7-I7 -> 7275000 | P7: =+L7-M7 -> 0 | Q7: =P7 -> 0 | R7: =H7-N7 -> 0 | S7: =Q7 -> 0 | T7: =+F7+30 -> 44909
C8: 008-22 | D8: 44805 | E8: 44806 | F8: 44806 | G8: 44895 | H8: 8750000 | I8: =H8*0.18 -> 1575000 | J8: =+-H8*3% -> -262500 | K8: =+H8+J8 -> 8487500 | L8: =H8+I8+J8 -> 10062500 | M8: 10062500 | N8: =+M8-I8-J8 -> 8750000 | O8: =+M8-I8 -> 8487500 | P8: =+L8-M8 -> 0 | Q8: =P8 -> 0 | R8: =H8-N8 -> 0 | S8: =Q8 -> 0 | T8: =+F8+30 -> 44836
C9: 014-22 | D9: 44866 | E9: 44879 | F9: 44879 | G9: 44908 | H9: 8750000 | I9: =H9*0.18 -> 1575000 | J9: =+-H9*3% -> -262500 | K9: =+H9+J9 -> 8487500 | L9: =H9+I9+J9 -> 10062500 | M9: 10062500 | N9: =+M9-I9-J9 -> 8750000 | O9: =+M9-I9 -> 8487500 | P9: =+L9-M9 -> 0 | Q9: =P9 -> 0 | R9: =H9-N9 -> 0 | S9: =Q9 -> 0 | T9: =+F9+30 -> 44909
C10: 005-23 | D10: 45017 | E10: 45036 | F10: 45036 | G10: 45072 | H10: 8500000 | I10: =H10*0.18 -> 1530000 | J10: =+-H10*3% -> -255000 | K10: =+H10+J10 -> 8245000 | L10: =H10+I10+J10 -> 9775000 | M10: 9775000 | N10: =+M10-I10-J10 -> 8500000 | O10: =+M10-I10 -> 8245000 | P10: =+L10-M10 -> 0 | Q10: =P10 -> 0 | R10: =H10-N10 -> 0 | S10: =Q10 -> 0 | T10: =+F10+30 -> 45066
C11: Sous total OFMAS | H11: =+SUM(H7:H10) -> 33500000 | I11: =+SUM(I7:I10) -> 6030000 | J11: =+SUM(J7:J10) -> -1005000 | K11: =+SUM(K7:K10) -> 32495000 | L11: =+SUM(L7:L10) -> 38525000 | M11: =+SUM(M7:M10) -> 38525000 | N11: =+SUM(N7:N10) -> 33500000 | O11: =+SUM(O7:O10) -> 32495000 | ... S11: =+SUM(S7:S10) -> 0
B12: AFFAIREAF003 EGBTP 1 | C12: 015-22 | D12: Avance de démarrage | E12: 44888 | F12: 44946 | G12: 44888 | H12: 12000000 | I12: 0 | J12: 0 | K12: =+H12+J12 -> 12000000 | L12: =H12+I12+J12 -> 12000000 | M12: 12000000 | N12: =+M12-I12-J12 -> 12000000 | O12: =+M12-I12 -> 12000000 | P12: =+L12-M12 -> 0 | Q12: =P12 -> 0 | R12: =H12-N12 -> 0 | S12: =Q12 -> 0 | T12: =+F12+30 -> 44976
C13: 002/23 | D13: 44986 | E13: 44993 | F13: 44993 | G13: 45015 | H13: 28000000 | I13: 0 | J13: 0 | K13: =+H13+J13 -> 28000000 | L13: =H13+I13+J13 -> 28000000 | M13: 28000000 | N13: =+M13-I13-J13 -> 28000000 | O13: =+M13-I13 -> 28000000 | P13: =+L13-M13 -> 0 | Q13: =P13 -> 0 | R13: =H13-N13 -> 0 | S13: =Q13 -> 0 | T13: =+F13+30 -> 45023
C14: Sous total EGBTP | H14: =+SUM(H12:H13) -> 40000000 | I14: =+SUM(I12:I13) -> 0 | J14: =+SUM(J12:J13) -> 0 | K14: =+SUM(K12:K13) -> 40000000 | L14: =+SUM(L12:L13) -> 40000000 | M14: =+SUM(M12:M13) -> 40000000 | N14: =+SUM(N12:N13) -> 40000000 | O14: =+SUM(O12:O13) -> 40000000 | ... S14: =+SUM(S12:S13) -> 0
B15: AFFAIREAF004 CFAO | C15: 016-22 | D15: Avance de démarrage | E15: 44900 | F15: 44901 | G15: 44910 | H15: 6210000 | I15: =H15*0.18 -> 1117800 | J15: =+-H15*3% -> -186300 | K15: =+H15+J15 -> 6023700 | L15: =H15+I15+J15 -> 7141500 | M15: 7141500 | N15: =+M15-I15-J15 -> 6210000 | O15: =+M15-I15 -> 6023700 | P15: =+L15-M15 -> 0 | Q15: =P15 -> 0 | R15: =H15-N15 -> 0 | S15: =Q15 -> 0 | T15: =+F15+30 -> 44931
C16: 004-23 | D16: 44986 | E16: 45021 | F16: 45021 | G16: 45036 | H16: 7245000 | I16: =H16*0.18 -> 1304100 | J16: =+-H16*3% -> -217350 | K16: =+H16+J16 -> 7027650 | L16: =H16+I16+J16 -> 8331750 | M16: 8331750 | N16: =+M16-I16-J16 -> 7245000 | O16: =+M16-I16 -> 7027650 | P16: =+L16-M16 -> 0 | Q16: =P16 -> 0 | R16: =H16-N16 -> 0 | S16: =Q16 -> 0 | T16: =+F16+30 -> 45051
C17: 006-23 | D17: 45017 | E17: 45036 | F17: 45036 | G17: 45054 | H17: 7245000 | I17: =H17*0.18 -> 1304100 | J17: =+-H17*3% -> -217350 | K17: =+H17+J17 -> 7027650 | L17: =H17+I17+J17 -> 8331750 | M17: 8331750 | N17: =+M17-I17-J17 -> 7245000 | O17: =+M17-I17 -> 7027650 | P17: =+L17-M17 -> 0 | Q17: =P17 -> 0 | R17: =H17-N17 -> 0 | S17: =Q17 -> 0 | T17: =+F17+30 -> 45066
C18: Sous total CFAO | H18: =+SUM(H15:H17) -> 20700000 | I18: =+SUM(I15:I17) -> 3726000 | J18: =+SUM(J15:J17) -> -621000 | K18: =+SUM(K15:K17) -> 20079000 | L18: =+SUM(L15:L17) -> 23805000 | M18: =+SUM(M15:M17) -> 23805000 | N18: =+SUM(N15:N17) -> 20700000 | O18: =+SUM(O15:O17) -> 20079000 | P18: =+SUM(P15:P17) -> 0 | Q18: =P18 -> 0 | R18: =H18-N18 -> 0 | S18: =Q18 -> 0
B19: AFFAIREAF005 SCB-LAFARGE | C19: 017-22 | D19: 44896 | E19: 44914 | F19: 44917 | G19: 44946 | H19: 3300000 | I19: =H19*0.18 -> 594000 | J19: =+-H19*3% -> -99000 | K19: =+H19+J19 -> 3201000 | L19: =H19+I19+J19 -> 3795000 | M19: 3795000 | N19: =+M19-I19-J19 -> 3300000 | O19: =+M19-I19 -> 3201000 | P19: =+L19-M19 -> 0 | Q19: =P19 -> 0 | R19: =H19-N19 -> 0 | S19: =Q19 -> 0 | T19: =+F19+30 -> 44947
C20: Sous total SCB-LAFARGE | H20: =+SUM(H19:H19) -> 3300000 | I20: =+SUM(I19:I19) -> 594000 | J20: =+SUM(J19:J19) -> -99000 | K20: =+SUM(K19:K19) -> 3201000 | L20: =+SUM(L19:L19) -> 3795000 | M20: =+SUM(M19:M19) -> 3795000 | N20: =+SUM(N19:N19) -> 3300000 | O20: =+SUM(O19:O19) -> 3201000 | ... S20: =+SUM(S19:S19) -> 0
B21: AFFAIREAF013 ADEOTI | C21: 009-23 | D21: Avance de démarrage | E21: 45091 | F21: 45097 | G21: 45113 | H21: 265546395 | I21: 47798351 | K21: =+H21+J21 -> 265546395 | L21: 3.1334475e+08 | M21: 313344746 | N21: =+M21-I21-J21 -> 2.6554639e+08 | O21: =+M21-I21 -> 2.6554639e+08 | P21: =+L21-M21 -> 0.10000002 | Q21: =P21 -> 0.10000002 | R21: =H21-N21 -> 0.099999994 | S21: =+L21-M21 -> 0.10000002 | T21: =+F21+30 -> 45127
C22: 019-23 | D22: 45108 | E22: 45210 | F22: 45210 | G22: 45212 | H22: 42044846 | I22: =H22*0.18 -> 7568072.3 | J22: -1659665 | K22: =+H22+J22 -> 40385181 | L22: =H22+I22+J22 -> 47953253 | M22: 47953253 | N22: =+M22-I22-J22 -> 42044846 | O22: =+M22-I22 -> 40385181 | P22: =+L22-M22 -> 0.28 | Q22: =P22 -> 0.28 | R22: =H22-N22 -> 0.28 | S22: =Q22 -> 0.28 | T22: =+F22+30 -> 45240
C23: 020-23 | D23: 45139 | E23: 45210 | F23: 45210 | G23: 45212 | H23: 42044846 | I23: =H23*0.18 -> 7568072.3 | J23: -1659665 | K23: =+H23+J23 -> 40385181 | L23: =H23+I23+J23 -> 47953253 | M23: 47953253 | N23: =+M23-I23-J23 -> 42044846 | O23: =+M23-I23 -> 40385181 | P23: =+L23-M23 -> 0.28 | Q23: =P23 -> 0.28 | R23: =H23-N23 -> 0.28 | S23: =Q23 -> 0.28 | T23: =+F23+30 -> 45240
C24: 021-23 | D24: 45170 | E24: 45210 | F24: 45210 | G24: 45212 | H24: 42044846 | I24: =H24*0.18 -> 7568072.3 | J24: -1659665 | K24: =+H24+J24 -> 40385181 | L24: =H24+I24+J24 -> 47953253 | M24: 47953253 | N24: =+M24-I24-J24 -> 42044846 | O24: =+M24-I24 -> 40385181 | P24: =+L24-M24 -> 0.28 | Q24: =P24 -> 0.28 | R24: =H24-N24 -> 0.28 | S24: =Q24 -> 0.28 | T24: =+F24+30 -> 45240
C25: 023-23 | D25: 45200 | E25: 45218 | F25: 45230 | G25: 45260 | H25: 42044846 | I25: =H25*0.18 -> 7568072.3 | J25: -1659665 | K25: =+H25+J25 -> 40385181 | L25: =H25+I25+J25 -> 47953253 | M25: 47953253 | N25: =+M25-I25-J25 -> 42044846 | O25: =+M25-I25 -> 40385181 | P25: =+L25-M25 -> 0.28 | Q25: =P25 -> 0.28 | R25: =H25-N25 -> 0.28 | S25: =Q25 -> 0.28 | T25: =+F25+30 -> 45260
C26: 024-23 | D26: 45231 | E26: 45253 | F26: 45260 | G26: 45302 | H26: 42044846 | I26: =H26*0.18 -> 7568072.3 | J26: -1659665 | K26: =+H26+J26 -> 40385181 | L26: =H26+I26+J26 -> 47953253 | M26: 47953253 | N26: =+M26-I26-J26 -> 42044846 | O26: =+M26-I26 -> 40385181 | P26: =+L26-M26 -> 0.28 | Q26: =P26 -> 0.28 | R26: =H26-N26 -> 0.28 | S26: =Q26 -> 0.28 | T26: =+F26+30 -> 45290
C27: 026-23 | D27: 45261 | E27: 45275 | F27: 45278 | G27: 45302 | H27: 42044846 | I27: =H27*0.18 -> 7568072.3 | J27: -1659665 | K27: =+H27+J27 -> 40385181 | L27: =H27+I27+J27 -> 47953253 | M27: 47953253 | N27: =+M27-I27-J27 -> 42044846 | O27: =+M27-I27 -> 40385181 | P27: =+L27-M27 -> 0.28 | Q27: =P27 -> 0.28 | R27: =H27-N27 -> 0.28 | S27: =Q27 -> 0.28 | T27: =+F27+30 -> 45308
C28: 001-24 | D28: 45292 | E28: 45314 | F28: 45316 | G28: 45355 | H28: 42044846 | I28: =H28*0.18 -> 7568072.3 | J28: -1659665 | K28: =+H28+J28 -> 40385181 | L28: =H28+I28+J28 -> 47953253 | M28: 47953253 | N28: =+M28-I28-J28 -> 42044846 | O28: =+M28-I28 -> 40385181 | P28: =+L28-M28 -> 0.28 | Q28: =P28 -> 0.28 | R28: =H28-N28 -> 0.28 | S28: =Q28 -> 0.28 | T28: =+F28+30 -> 45346
C29: 003-24 | D29: 45323 | E29: 45348 | F29: 45351 | G29: 45387 | H29: 42044846 | I29: =H29*0.18 -> 7568072.3 | J29: -1659665 | K29: =+H29+J29 -> 40385181 | L29: =H29+I29+J29 -> 47953253 | M29: 47953253 | N29: =+M29-I29-J29 -> 42044846 | O29: =+M29-I29 -> 40385181 | P29: =+L29-M29 -> 0.28 | Q29: =P29 -> 0.28 | R29: =H29-N29 -> 0.28 | S29: =Q29 -> 0.28 | T29: =+F29+30 -> 45381
C30: 004-24 | D30: 45352 | E30: 45376 | F30: 45378 | G30: 45439 | H30: 42044846 | I30: =H30*0.18 -> 7568072.3 | J30: -1659665 | K30: =+H30+J30 -> 40385181 | L30: =H30+I30+J30 -> 47953253 | M30: 47953253 | N30: =+M30-I30-J30 -> 42044846 | O30: =+M30-I30 -> 40385181 | P30: =+L30-M30 -> 0.28 | Q30: =P30 -> 0.28 | R30: =H30-N30 -> 0.28 | S30: =Q30 -> 0.28 | T30: =+F30+30 -> 45408
C31: 005-24 | D31: 45383 | E31: 45406 | F31: 45411 | G31: 45457 | H31: 42044846 | I31: =H31*0.18 -> 7568072.3 | J31: -1659665 | K31: =+H31+J31 -> 40385181 | L31: =H31+I31+J31 -> 47953253 | M31: 47953253 | N31: =+M31-I31-J31 -> 42044846 | O31: =+M31-I31 -> 40385181 | P31: =+L31-M31 -> 0.28 | Q31: =P31 -> 0.28 | R31: =H31-N31 -> 0.28 | S31: =Q31 -> 0.28 | T31: =+F31+30 -> 45441
C32: 009-24 | D32: 45413 | E32: 45436 | F32: 45440 | G32: 45544 | H32: 42044846 | I32: =H32*0.18 -> 7568072.3 | J32: -1659665 | K32: =+H32+J32 -> 40385181 | L32: =H32+I32+J32 -> 47953253 | M32: 47953253 | N32: =+M32-I32-J32 -> 42044846 | O32: =+M32-I32 -> 40385181 | P32: =+L32-M32 -> 0.28 | Q32: =P32 -> 0.28 | R32: =H32-N32 -> 0.28 | S32: =+L32-M32 -> 0.28 | T32: =+F32+30 -> 45470
C33: 010-24 | D33: 45444 | E33: 45456 | F33: 45470 | G33: 45544 | H33: 42044846 | I33: =H33*0.18 -> 7568072.3 | J33: -1659665 | K33: =+H33+J33 -> 40385181 | L33: =H33+I33+J33 -> 47953253 | M33: 47953253 | N33: =+M33-I33-J33 -> 42044846 | O33: =+M33-I33 -> 40385181 | P33: =+L33-M33 -> 0.28 | Q33: =P33 -> 0.28 | R33: =H33-N33 -> 0.28 | S33: =+L33-M33 -> 0.28 | T33: =+F33+30 -> 45500
C34: 028/24 | D34: 45474 | E34: 45497 | F34: 45498 | G34: 45583 | H34: 42044846 | I34: =H34*0.18 -> 7568072.3 | J34: -1659665 | K34: =+H34+J34 -> 40385181 | L34: =H34+I34+J34 -> 47953253 | M34: 47953253 | N34: =+M34-I34-J34 -> 42044846 | O34: =+M34-I34 -> 40385181 | P34: =+L34-M34 -> 0.28 | Q34: =P34 -> 0.28 | R34: =H34-N34 -> 0.28 | S34: =+L34-M34 -> 0.28 | T34: =+F34+30 -> 45528
C35: 033/24 | D35: 45505 | E35: 45530 | F35: 45531 | G35: 45583 | H35: 42044846 | I35: =H35*0.18 -> 7568072.3 | J35: -1659665 | K35: =+H35+J35 -> 40385181 | L35: =H35+I35+J35 -> 47953253 | M35: 47953253 | N35: =+M35-I35-J35 -> 42044846 | O35: =+M35-I35 -> 40385181 | P35: =+L35-M35 -> 0.28 | Q35: =P35 -> 0.28 | R35: =H35-N35 -> 0.28 | S35: =+L35-M35 -> 0.28 | T35: =+F35+30 -> 45561
C36: 037/24 | D36: 45536 | E36: 45560 | F36: 45567 | G36: 45656 | H36: 42044846 | I36: =H36*0.18 -> 7568072.3 | J36: -1659665 | K36: =+H36+J36 -> 40385181 | L36: =H36+I36+J36 -> 47953253 | M36: 47953253 | N36: =+M36-I36-J36 -> 42044846 | O36: =+M36-I36 -> 40385181 | P36: =+L36-M36 -> 0.28 | Q36: =P36 -> 0.28 | R36: =H36-N36 -> 0.28 | S36: =+L36-M36 -> 0.28 | T36: =+F36+30 -> 45597
C37: 046/24 | D37: 45566 | E37: 45590 | F37: 45594 | G37: 45656 | H37: 42044846 | I37: =H37*0.18 -> 7568072.3 | J37: -1659665 | K37: =+H37+J37 -> 40385181 | L37: =H37+I37+J37 -> 47953253 | M37: 47953253 | N37: =+M37-I37-J37 -> 42044846 | O37: =+M37-I37 -> 40385181 | P37: =+L37-M37 -> 0.28 | Q37: =P37 -> 0.28 | R37: =H37-N37 -> 0.28 | S37: =+L37-M37 -> 0.28 | T37: =+F37+30 -> 45624
C38: 053/24 | D38: 45597 | E38: 45621 | F38: 45622 | G38: 45757 | H38: 42044846 | I38: =H38*0.18 -> 7568072.3 | J38: -1659665 | K38: =+H38+J38 -> 40385181 | L38: =H38+I38+J38 -> 47953253 | M38: 47953253 | N38: =+M38-I38-J38 -> 42044846 | O38: =+M38-I38 -> 40385181 | P38: =+L38-M38 -> 0.28 | Q38: =P38 -> 0.28 | R38: =H38-N38 -> 0.28 | S38: =+L38-M38 -> 0.28 | T38: =+F38+30 -> 45652
C39: 058/24 | D39: 45627 | E39: 45650 | F39: 45652 | G39: 45757 | H39: 42044846 | I39: =H39*0.18 -> 7568072.3 | J39: -1659665 | K39: =+H39+J39 -> 40385181 | L39: =H39+I39+J39 -> 47953253 | M39: 47953253 | N39: =+M39-I39-J39 -> 42044846 | O39: =+M39-I39 -> 40385181 | P39: =+L39-M39 -> 0.28 | Q39: =P39 -> 0.28 | R39: =H39-N39 -> 0.28 | S39: =+L39-M39 -> 0.28 | T39: =+F39+30 -> 45682
C40: 004/25 | D40: 45658 | E40: 45681 | F40: 45686 | G40: 45764 | H40: 42044846 | I40: =H40*0.18 -> 7568072.3 | J40: -1659665 | K40: =+H40+J40 -> 40385181 | L40: =H40+I40+J40 -> 47953253 | M40: 47953253 | N40: =+M40-I40-J40 -> 42044846 | O40: =+M40-I40 -> 40385181 | P40: =+L40-M40 -> 0.28 | Q40: =P40 -> 0.28 | R40: =H40-N40 -> 0.28 | S40: =+L40-M40 -> 0.28 | T40: =+F40+30 -> 45716
C41: 016/25 | D41: 45689 | E41: 45709 | F41: 45712 | G41: 45786 | H41: 42044846 | I41: =H41*0.18 -> 7568072.3 | J41: -1659665 | K41: =+H41+J41 -> 40385181 | L41: =H41+I41+J41 -> 47953253 | M41: 47953253 | N41: =+M41-I41-J41 -> 42044846 | O41: =+M41-I41 -> 40385181 | P41: =+L41-M41 -> 0.28 | Q41: =L41-M41 -> 0.28 | R41: =H41-N41 -> 0.28 | S41: =K41-O41 -> 0.28 | T41: =+F41+30 -> 45742
C42: 021/25 | D42: 45717 | E42: 45736 | F42: 45741 | H42: 55322165 | I42: =H42*0.18 -> 9957989.7 | J42: -1659665 | K42: =+H42+J42 -> 53662500 | L42: =H42+I42+J42 -> 63620490 | P42: =H42+I42 -> 65280155 | Q42: =L42-M42 -> 63620490 | R42: =H42-N42 -> 55322165 | S42: =K42-O42 -> 53662500 | T42: =+F42+30 -> 45771
C43: 031/25 | D43: 45748 | E43: 45772 | F43: 45779 | H43: 55322165 | I43: =H43*0.18 -> 9957989.7 | J43: -1659665 | K43: =+H43+J43 -> 53662500 | L43: =H43+I43+J43 -> 63620490 | P43: =H43+I43 -> 65280155 | Q43: =L43-M43 -> 63620490 | R43: =H43-N43 -> 55322165 | S43: =K43-O43 -> 53662500 | T43: =+F43+30 -> 45809
C44: 041/25 | D44: 45778 | E44: 45797 | F44: 45799 | H44: 55322165 | I44: =H44*0.18 -> 9957989.7 | J44: -1659665 | K44: =+H44+J44 -> 53662500 | L44: =H44+I44+J44 -> 63620490 | P44: =H44+I44 -> 65280155 | Q44: =L44-M44 -> 63620490 | R44: =H44-N44 -> 55322165 | S44: =K44-O44 -> 53662500 | T44: =+F44+30 -> 45829
Q45: =P45 -> 0 | R45: =H45-N45 -> 0 | S45: =+L45-M45-I45 -> 0
C46: Sous total ADEOTI | H46: =+SUM(H21:H45) -> 1272409810 | I46: =+SUM(I21:I45) -> 2.2903377e+08 | J46: =+SUM(J21:J45) -> -38172295 | K46: =+SUM(K21:K45) -> 1234237515 | L46: =+SUM(L21:L45) -> 1.4632713e+09 | M46: =+SUM(M21:M45) -> 1272409806 | N46: =+SUM(N21:N45) -> 1.1064433e+09 | O46: =+SUM(O21:O45) -> 1.07325e+09 | ... S46: =+SUM(S21:S45) -> 1.6098751e+08
B47: AFFAIREAF014 BOTINZA | C47: 006-24 | D47: Avance de démarrage | E47: 45414 | F47: 45414 | G47: 45443 | H47: 68374900 | I47: =+H47*0.18*60% -> 7384489.2 | J47: =-1%*H47 -> -683749 | K47: =+H47+J47 -> 67691151 | L47: =H47+I47+J47 -> 75075640 | M47: 80682382 | N47: =+M47-I47-J47 -> 73981642 | O47: =+M47-I47 -> 73297893 | P47: =+L47-M47 -> -5606741.8 | Q47: =P47 -> -5606741.8 | R47: =H47-N47 -> -5606741.8 | S47: =+Q47 -> -5606741.8 | T47: =+F47+30 -> 45444
C48: 011-24 | D48: Nov-Déc 2023 | E48: 45456 | F48: 45457 | G48: 45517 | H48: 14549395 | I48: =+H48*0.18*60% -> 1571334.7 | J48: =-1%*H48 -> -145493.95 | K48: =+H48+J48 -> 14403901 | L48: =H48+I48+J48 -> 15975236 | M48: 10368494 | N48: =+M48-I48-J48 -> 8942653.3 | O48: =+M48-I48 -> 8797159.3 | P48: =+L48-M48 -> 5606741.7 | Q48: =P48 -> 5606741.7 | R48: =H48-N48 -> 5606741.7 | S48: =+L48-M48 -> 5606741.7 | T48: =+F48+30 -> 45487
C49: 012-24 | D49: 45292 | E49: 45456 | F49: 45457 | G49: 45517 | H49: 10311395 | I49: =+H49*0.18*60% -> 1113630.7 | J49: =-1%*H49 -> -103113.95 | K49: =+H49+J49 -> 10208281 | L49: =H49+I49+J49 -> 11321912 | M49: 11321912 | N49: =+M49-I49-J49 -> 10311395 | O49: =+M49-I49 -> 10208281 | P49: 0 | Q49: =P49 -> 0 | R49: =H49-N49 -> -0.29 | S49: 0 | T49: =+F49+30 -> 45487
C50: 013-24 | D50: 45323 | E50: 45456 | F50: 45457 | G50: 45517 | H50: 11643395 | I50: =+H50*0.18*60% -> 1257486.7 | J50: =-1%*H50 -> -116433.95 | K50: =+H50+J50 -> 11526961 | L50: =H50+I50+J50 -> 12784448 | M50: 12784448 | N50: =+M50-I50-J50 -> 11643395 | O50: =+M50-I50 -> 11526961 | P50: 0 | Q50: =P50 -> 0 | R50: =H50-N50 -> -0.29 | S50: 0 | T50: =+F50+30 -> 45487
C51: 014-24 | D51: 45352 | E51: 45456 | F51: 45457 | G51: 45517 | H51: 10866395 | I51: =+H51*0.18*60% -> 1173570.7 | J51: =-1%*H51 -> -108663.95 | K51: =+H51+J51 -> 10757731 | L51: =H51+I51+J51 -> 11931302 | M51: 11931302 | N51: =+M51-I51-J51 -> 10866395 | O51: =+M51-I51 -> 10757731 | P51: 0 | Q51: =P51 -> 0 | R51: =H51-N51 -> -0.29 | S51: 0 | T51: =+F51+30 -> 45487
C52: 015-24 | D52: 45383 | E52: 45456 | F52: 45457 | G52: 45517 | H52: 9460395 | I52: =+H52*0.18*60% -> 1021722.7 | J52: =-1%*H52 -> -94603.95 | K52: =+H52+J52 -> 9365791.1 | L52: =H52+I52+J52 -> 10387514 | M52: 10387514 | N52: =+M52-I52-J52 -> 9460395.3 | O52: =+M52-I52 -> 9365791.3 | P52: 0 | Q52: =P52 -> 0 | R52: =H52-N52 -> -0.29 | S52: 0 | T52: =+F52+30 -> 45487
C53: 023-24 | D53: 45413 | E53: 45476 | F53: 45476 | G53: 45531 | H53: 80811395 | I53: =+H53*0.18*60% -> 8727630.7 | J53: =-1%*H53 -> -808113.95 | K53: =+H53+J53 -> 80003281 | L53: =H53+I53+J53 -> 88730912 | M53: =11321912+77409000 -> 88730912 | N53: =+M53-I53-J53 -> 80811395 | O53: =+M53-I53 -> 80003281 | P53: 0 | Q53: =P53 -> 0 | R53: =H53-N53 -> -0.29000001 | S53: 0 | T53: =+F53+30 -> 45506
C54: 027-24 | D54: 45444 | E54: 45497 | F54: 45498 | G54: 45642 | H54: 10200395 | I54: =+H54*0.18*60% -> 1101642.7 | J54: =-1%*H54 -> -102003.95 | K54: =+H54+J54 -> 10098391 | L54: =H54+I54+J54 -> 11200034 | M54: 11200034 | N54: =+M54-I54-J54 -> 10200395 | O54: =+M54-I54 -> 10098391 | P54: 0 | Q54: =P54 -> 0 | R54: =H54-N54 -> -0.29 | S54: 0 | T54: =+F54+30 -> 45528
C55: 031/24 | D55: 45474 | E55: 45516 | F55: 45516 | G55: 45642 | H55: 10311395 | I55: =+H55*0.18*60% -> 1113630.7 | J55: =-1%*H55 -> -103113.95 | K55: =+H55+J55 -> 10208281 | L55: =H55+I55+J55 -> 11321912 | M55: 11321912 | N55: =+M55-I55-J55 -> 10311395 | O55: =+M55-I55 -> 10208281 | P55: 0 | Q55: =P55 -> 0 | R55: =H55-N55 -> -0.29 | S55: 0 | T55: =+F55+30 -> 45546
C56: 011/25 | D56: 45505 | E56: 45709 | F56: 45709 | H56: 10311395 | I56: =+H56*0.18*60% -> 1113630.7 | J56: =-1%*H56 -> -103113.95 | K56: =+H56+J56 -> 10208281 | L56: =H56+I56+J56 -> 11321912 | P56: =H56+I56 -> 11425026 | Q56: =L56-M56 -> 11321912 | R56: =H56-N56 -> 10311395 | S56: =K56-O56 -> 10208281 | T56: =+F56+30 -> 45739
C57: 012/25 | D57: 45536 | E57: 45709 | F57: 45709 | H57: 10422395 | I57: =+H57*0.18*60% -> 1125618.7 | J57: =-1%*H57 -> -104223.95 | K57: =+H57+J57 -> 10318171 | L57: =H57+I57+J57 -> 11443790 | P57: =H57+I57 -> 11548014 | Q57: =L57-M57 -> 11443790 | R57: =H57-N57 -> 10422395 | S57: =K57-O57 -> 10318171 | T57: =+F57+30 -> 45739
C58: 013/25 | D58: 45566 | E58: 45709 | F58: 45709 | H58: 10940395 | I58: =+H58*0.18*60% -> 1181562.7 | J58: =-1%*H58 -> -109403.95 | K58: =+H58+J58 -> 10830991 | L58: =H58+I58+J58 -> 12012554 | P58: =H58+I58 -> 12121958 | Q58: =L58-M58 -> 12012554 | R58: =H58-N58 -> 10940395 | S58: =K58-O58 -> 10830991 | T58: =+F58+30 -> 45739
C59: 014/25 | D59: 45597 | E59: 45709 | F59: 45709 | H59: 10940395 | I59: =+H59*0.18*60% -> 1181562.7 | J59: =-1%*H59 -> -109403.95 | K59: =+H59+J59 -> 10830991 | L59: =H59+I59+J59 -> 12012554 | P59: =H59+I59 -> 12121958 | Q59: =L59-M59 -> 12012554 | R59: =H59-N59 -> 10940395 | S59: =K59-O59 -> 10830991 | T59: =+F59+30 -> 45739
C60: 015/25 | D60: 45627 | E60: 45709 | F60: 45709 | H60: 10792395 | I60: =+H60*0.18*60% -> 1165578.7 | J60: =-1%*H60 -> -107923.95 | K60: =+H60+J60 -> 10684471 | L60: =H60+I60+J60 -> 11850050 | P60: =H60+I60 -> 11957974 | Q60: =L60-M60 -> 11850050 | R60: =H60-N60 -> 10792395 | S60: =K60-O60 -> 10684471 | T60: =+F60+30 -> 45739
C61: 020/25 | D61: 45658 | E61: 45712 | F61: 45713 | H61: 10792395 | I61: =+H61*0.18*60% -> 1165578.7 | J61: =-1%*H61 -> -107923.95 | K61: =+H61+J61 -> 10684471 | L61: =H61+I61+J61 -> 11850050 | P61: =H61+I61 -> 11957974 | Q61: =L61-M61 -> 11850050 | R61: =H61-N61 -> 10792395 | S61: =K61-O61 -> 10684471 | T61: =+F61+30 -> 45743
C62: 037/25 | D62: 45689 | E62: 45790 | F62: 45790 | H62: 11201395 | I62: =+H62*0.18*60% -> 1209750.7 | J62: =-1%*H62 -> -112013.95 | K62: =+H62+J62 -> 11089381 | L62: =H62+I62+J62 -> 12299132 | P62: =H62+I62 -> 12411146 | Q62: =L62-M62 -> 12299132 | R62: =H62-N62 -> 11201395 | S62: =K62-O62 -> 11089381 | T62: =+F62+30 -> 45820
C63: 038/25 | D63: 45717 | E63: 45790 | F63: 45790 | H63: 10831395 | I63: =+H63*0.18*60% -> 1169790.7 | J63: =-1%*H63 -> -108313.95 | K63: =+H63+J63 -> 10723081 | L63: =H63+I63+J63 -> 11892872 | P63: =H63+I63 -> 12001186 | Q63: =L63-M63 -> 11892872 | R63: =H63-N63 -> 10831395 | S63: =K63-O63 -> 10723081 | T63: =+F63+30 -> 45820
C64: 039/25 | D64: 45748 | E64: 45790 | F64: 45790 | H64: 9931395 | I64: =+H64*0.18*60% -> 1072590.7 | J64: =-1%*H64 -> -99313.95 | K64: =+H64+J64 -> 9832081.1 | L64: =H64+I64+J64 -> 10904672 | P64: =H64+I64 -> 11003986 | Q64: =L64-M64 -> 10904672 | R64: =H64-N64 -> 9931395 | S64: =K64-O64 -> 9832081.1 | T64: =+F64+30 -> 45820
R66: =H66-N66 -> 0
C67: Sous total BOTINZA | H67: =SUM(H47:H66) -> 322692615 | I67: =SUM(I47:I66) -> 34850802 | J67: =SUM(J47:J66) -> -3226926.2 | K67: =SUM(K47:K66) -> 3.1946569e+08 | L67: =SUM(L47:L66) -> 3.5431649e+08 | M67: =SUM(M47:M66) -> 248728910 | N67: =SUM(N47:N66) -> 2.2652906e+08 | O67: =SUM(O47:O66) -> 2.2426377e+08 | ... S67: =SUM(S47:S66) -> 95201919
B68: AFFAIREAF015 CITES ADM LOT 1 | C68: 007-24 | D68: Avance de démarrage | E68: 45422 | F68: 45439 | G68: 45476 | H68: 109800000 | I68: =+H68*0.18*60% -> 11858400 | J68: =-H68*1% -> -1098000 | K68: =+H68+J68 -> 108702000 | L68: =H68+I68+J68 -> 120560400 | M68: 120560400 | N68: =+M68-I68-J68 -> 109800000 | O68: =+M68-I68 -> 108702000 | P68: =+L68-M68 -> 0 | Q68: =P68 -> 0 | R68: =H68-N68 -> 0 | S68: =Q68 -> 0 | T68: =+F68+30 -> 45469
C69: 019-24 | D69: mars et avril 2024 | E69: 45475 | F69: 45477 | G69: 45513 | H69: 36150000 | I69: =+H69*0.18*60% -> 3904200 | J69: =-H69*1% -> -361500 | K69: =+H69+J69 -> 35788500 | L69: =H69+I69+J69 -> 39692700 | M69: 39692700 | N69: =+M69-I69-J69 -> 36150000 | O69: =+M69-I69 -> 35788500 | P69: =+L69-M69 -> 0 | Q69: =+P69 -> 0 | R69: =H69-N69 -> 0 | S69: =Q69 -> 0 | T69: =+F69+30 -> 45507
C70: 022-24 | D70: 45413 | E70: 45476 | F70: 45477 | G70: 45513 | H70: 18075000 | I70: =+H70*0.18*60% -> 1952100 | J70: =-H70*1% -> -180750 | K70: =+H70+J70 -> 17894250 | L70: =H70+I70+J70 -> 19846350 | M70: 19846350 | N70: =+M70-I70-J70 -> 18075000 | O70: =+M70-I70 -> 17894250 | P70: =+L70-M70 -> 0 | Q70: =+P70 -> 0 | R70: =H70-N70 -> 0 | S70: =Q70 -> 0 | T70: =+F70+30 -> 45507
C71: 024-24 | D71: 45444 | E71: 45481 | F71: 45482 | G71: 45513 | H71: 18225000 | I71: =+H71*0.18*60% -> 1968300 | J71: =-H71*1% -> -182250 | K71: =+H71+J71 -> 18042750 | L71: =H71+I71+J71 -> 20011050 | M71: 20011050 | N71: =+M71-I71-J71 -> 18225000 | O71: =+M71-I71 -> 18042750 | P71: =+L71-M71 -> 0 | Q71: =+P71 -> 0 | R71: =H71-N71 -> 0 | S71: =Q71 -> 0 | T71: =+F71+30 -> 45512
C72: 030-24 | D72: 45474 | E72: 45499 | F72: 45502 | G72: 45538 | H72: 18075000 | I72: =+H72*0.18*60% -> 1952100 | J72: =-H72*1% -> -180750 | K72: =+H72+J72 -> 17894250 | L72: =H72+I72+J72 -> 19846350 | M72: 19846350 | N72: =+M72-I72-J72 -> 18075000 | O72: =+M72-I72 -> 17894250 | P72: =+L72-M72 -> 0 | Q72: =+P72 -> 0 | R72: =H72-N72 -> 0 | S72: =Q72 -> 0 | T72: =+F72+30 -> 45532
C73: 036-24 | D73: 45505 | E73: 45534 | F73: 45537 | G73: 45559 | H73: 18225000 | I73: =+H73*0.18*60% -> 1968300 | J73: =-H73*1% -> -182250 | K73: =+H73+J73 -> 18042750 | L73: =H73+I73+J73 -> 20011050 | M73: 20011050 | N73: =+M73-I73-J73 -> 18225000 | O73: =+M73-I73 -> 18042750 | P73: =+L73-M73 -> 0 | Q73: =+P73 -> 0 | R73: =H73-N73 -> 0 | S73: =Q73 -> 0 | T73: =+F73+30 -> 45567
C74: 040/24 | D74: 45536 | E74: 45567 | F74: 45568 | G74: 45618 | H74: 18075000 | I74: =+H74*0.18*60% -> 1952100 | J74: =-H74*1% -> -180750 | K74: =+H74+J74 -> 17894250 | L74: =H74+I74+J74 -> 19846350 | M74: 19846350 | N74: =+M74-I74-J74 -> 18075000 | O74: =+M74-I74 -> 17894250 | P74: =+L74-M74 -> 0 | Q74: =+P74 -> 0 | R74: =H74-N74 -> 0 | S74: =Q74 -> 0 | T74: =+F74+30 -> 45598
C75: 048/24 | D75: 45566 | E75: 45604 | F75: 45607 | G75: 45632 | H75: 18075000 | I75: =+H75*0.18*60% -> 1952100 | J75: =-H75*1% -> -180750 | K75: =+H75+J75 -> 17894250 | L75: =H75+I75+J75 -> 19846350 | M75: 19846350 | N75: =+M75-I75-J75 -> 18075000 | O75: =+M75-I75 -> 17894250 | P75: =+L75-M75 -> 0 | Q75: =+P75 -> 0 | R75: =H75-N75 -> 0 | S75: =Q75 -> 0 | T75: =+F75+30 -> 45637
C76: 056/24 | D76: 45597 | E76: 45639 | F76: 45642 | G76: 45664 | H76: 18225000 | I76: =+H76*0.18*60% -> 1968300 | J76: =-H76*1% -> -182250 | K76: =+H76+J76 -> 18042750 | L76: =H76+I76+J76 -> 20011050 | M76: 20011050 | N76: =+M76-I76-J76 -> 18225000 | O76: =+M76-I76 -> 18042750 | P76: =+L76-M76 -> 0 | Q76: =+P76 -> 0 | R76: =H76-N76 -> 0 | S76: =Q76 -> 0 | T76: =+F76+30 -> 45672
C77: 002/25 | D77: 45627 | E77: 45672 | F77: 45680 | G77: 45702 | H77: 18075000 | I77: =+H77*0.18*60% -> 1952100 | J77: =-H77*1% -> -180750 | K77: =+H77+J77 -> 17894250 | L77: =H77+I77+J77 -> 19846350 | M77: 19846350 | N77: =+M77-I77-J77 -> 18075000 | O77: =+M77-I77 -> 17894250 | P77: =+L77-M77 -> 0 | Q77: =+P77 -> 0 | R77: =H77-N77 -> 0 | S77: =Q77 -> 0 | T77: =+F77+30 -> 45710
C78: 008/25 | D78: 45658 | E78: 45700 | F78: 45702 | G78: 45723 | H78: 18075000 | I78: =+H78*0.18*60% -> 1952100 | J78: =-H78*1% -> -180750 | K78: =+H78+J78 -> 17894250 | L78: =H78+I78+J78 -> 19846350 | M78: 19846350 | N78: =+M78-I78-J78 -> 18075000 | O78: =+M78-I78 -> 17894250 | P78: =+L78-M78 -> 0 | Q78: =+P78 -> 0 | R78: =H78-N78 -> 0 | S78: =Q78 -> 0 | T78: =+F78+30 -> 45732
C79: 025/25 | D79: 45689 | E79: 45737 | F79: 45740 | G79: 45765 | H79: 18225000 | I79: =+H79*0.18*60% -> 1968300 | J79: =-H79*1% -> -182250 | K79: =+H79+J79 -> 18042750 | L79: =H79+I79+J79 -> 20011050 | M79: 20011050 | N79: =+M79-I79-J79 -> 18225000 | O79: =+M79-I79 -> 18042750 | P79: =+L79-M79 -> 0 | Q79: =+P79 -> 0 | R79: =H79-N79 -> 0 | S79: =Q79 -> 0 | T79: =+F79+30 -> 45770
C80: 029/25 | D80: 45717 | E80: 45764 | F80: 45765 | G80: 45805 | H80: 18225000 | I80: =+H80*0.18*60% -> 1968300 | J80: =-H80*1% -> -182250 | K80: =+H80+J80 -> 18042750 | L80: =H80+I80+J80 -> 20011050 | M80: 20011050 | N80: =+M80-I80-J80 -> 18225000 | O80: =+M80-I80 -> 18042750 | P80: =+L80-M80 -> 0 | Q80: =L80-M80 -> 0 | R80: =H80-N80 -> 0 | S80: =K80-O80 -> 0 | T80: =+F80+30 -> 45795
C81: 045/25 | D81: 45748 | E81: 45797 | F81: 45804 | H81: 15825000 | I81: =+H81*0.18*60% -> 1709100 | J81: =-H81*1% -> -158250 | K81: =+H81+J81 -> 15666750 | L81: =H81+I81+J81 -> 17375850 | P81: =H81+I81 -> 17534100 | Q81: =L81-M81 -> 17375850 | R81: =H81-N81 -> 15825000 | S81: =K81-O81 -> 15666750 | T81: =+F81+30 -> 45834
S82: =Q82 -> 0
Q83: =+P83 -> 0 | R83: =H83-N83 -> 0
C84: Sous total CITES ADM lot 1 | H84: =SUM(H68:H83) -> 361350000 | I84: =SUM(I68:I83) -> 39025800 | J84: =SUM(J68:J83) -> -3613500 | K84: =SUM(K68:K83) -> 357736500 | L84: =SUM(L68:L83) -> 396762300 | M84: =SUM(M68:M83) -> 379386450 | N84: =SUM(N68:N83) -> 345525000 | O84: =SUM(O68:O83) -> 342069750 | ... S84: =SUM(S68:S83) -> 15666750
B85: AFFAIREAF015 CITES ADM LOT 2 | C85: 043/24 | D85: Avance de démarrage | E85: 45574 | F85: 45574 | G85: 45603 | H85: 66600000 | I85: =+H85*0.18*60% -> 7192800 | J85: =-H85*1% -> -666000 | K85: =+H85+J85 -> 65934000 | L85: =H85+I85+J85 -> 73126800 | M85: 73126800 | N85: =+M85-I85-J85 -> 66600000 | O85: =+M85-I85 -> 65934000 | P85: =+L85-M85 -> 0 | Q85: =+P85 -> 0 | R85: =H85-N85 -> 0 | S85: =+Q85 -> 0 | T85: =+F85+30 -> 45604
C86: 044/24 | D86: mars à septembre 2024 | E86: 45574 | F86: 45574 | G86: 45618 | H86: 76615500 | I86: =+H86*0.18*60% -> 8274474 | J86: =-H86*1% -> -766155 | K86: =+H86+J86 -> 75849345 | L86: =H86+I86+J86 -> 84123819 | M86: 84123819 | N86: =+M86-I86-J86 -> 76615500 | O86: =+M86-I86 -> 75849345 | P86: =+L86-M86 -> 0 | Q86: =+P86 -> 0 | R86: =H86-N86 -> 0 | S86: =+Q86 -> 0 | T86: =+F86+30 -> 45604
C87: 049/24 | D87: 45566 | E87: 45604 | F87: 45607 | G87: 45632 | H87: 12640500 | I87: =+H87*0.18*60% -> 1365174 | J87: =-H87*1% -> -126405 | K87: =+H87+J87 -> 12514095 | L87: =H87+I87+J87 -> 13879269 | M87: 13879269 | N87: =+M87-I87-J87 -> 12640500 | O87: =+M87-I87 -> 12514095 | P87: =+L87-M87 -> 0 | Q87: =+P87 -> 0 | R87: =H87-N87 -> 0 | S87: =+Q87 -> 0 | T87: =+F87+30 -> 45637
C88: 057/24 | D88: 45597 | E88: 45639 | F88: 45642 | G88: 45679 | H88: 12790500 | I88: =+H88*0.18*60% -> 1381374 | J88: =-H88*1% -> -127905 | K88: =+H88+J88 -> 12662595 | L88: =H88+I88+J88 -> 14043969 | M88: 14043969 | N88: =+M88-I88-J88 -> 12790500 | O88: =+M88-I88 -> 12662595 | P88: =+L88-M88 -> 0 | Q88: =+P88 -> 0 | R88: =H88-N88 -> 0 | S88: =+Q88 -> 0 | T88: =+F88+30 -> 45672
C89: 003/25 | D89: 45627 | E89: 45672 | F89: 45680 | G89: 45702 | H89: 12640500 | I89: =+H89*0.18*60% -> 1365174 | J89: =-H89*1% -> -126405 | K89: =+H89+J89 -> 12514095 | L89: =H89+I89+J89 -> 13879269 | M89: 13879269 | N89: =+M89-I89-J89 -> 12640500 | O89: =+M89-I89 -> 12514095 | P89: =+L89-M89 -> 0 | Q89: =+P89 -> 0 | R89: =H89-N89 -> 0 | S89: =+Q89 -> 0 | T89: =+F89+30 -> 45710
C90: 009/25 | D90: 45658 | E90: 45700 | F90: 45702 | G90: 45723 | H90: 12640500 | I90: =+H90*0.18*60% -> 1365174 | J90: =-H90*1% -> -126405 | K90: =+H90+J90 -> 12514095 | L90: =H90+I90+J90 -> 13879269 | M90: 13879269 | N90: =+M90-I90-J90 -> 12640500 | O90: =+M90-I90 -> 12514095 | P90: =+L90-M90 -> 0 | Q90: =+P90 -> 0 | R90: =H90-N90 -> 0 | S90: =+Q90 -> 0 | T90: =+F90+30 -> 45732
C91: 026/25 | D91: 45689 | E91: 45737 | F91: 45740 | G91: 45765 | H91: 10540500 | I91: =+H91*0.18*60% -> 1138374 | J91: =-H91*1% -> -105405 | K91: =+H91+J91 -> 10435095 | L91: =H91+I91+J91 -> 11573469 | M91: 11573469 | N91: =+M91-I91-J91 -> 10540500 | O91: =+M91-I91 -> 10435095 | P91: =+L91-M91 -> 0 | Q91: =+P91 -> 0 | R91: =H91-N91 -> 0 | S91: =+Q91 -> 0 | T91: =+F91+30 -> 45770
C92: 030/25 | D92: 45717 | E92: 45764 | F92: 45765 | G92: 45805 | H92: 10390500 | I92: =+H92*0.18*60% -> 1122174 | J92: =-H92*1% -> -103905 | K92: =+H92+J92 -> 10286595 | L92: =H92+I92+J92 -> 11408769 | M92: 11408769 | N92: =+M92-I92-J92 -> 10390500 | O92: =+M92-I92 -> 10286595 | P92: =+L92-M92 -> 0 | Q92: =L92-M92 -> 0 | R92: =H92-N92 -> 0 | S92: =K92-O92 -> 0 | T92: =+F92+30 -> 45795
C93: 046/25 | D93: 45748 | E93: 45797 | F93: 45804 | H93: 10540500 | I93: =+H93*0.18*60% -> 1138374 | J93: =-H93*1% -> -105405 | K93: =+H93+J93 -> 10435095 | L93: =H93+I93+J93 -> 11573469 | P93: =H93+I93 -> 11678874 | Q93: =L93-M93 -> 11573469 | R93: =H93-N93 -> 10540500 | S93: =K93-O93 -> 10435095 | T93: =+F93+30 -> 45834
R94: =H94-N94 -> 0
C95: Sous total CITES ADM lot 2 | H95: =SUM(H85:H94) -> 225399000 | I95: =SUM(I85:I94) -> 24343092 | J95: =SUM(J85:J94) -> -2253990 | K95: =SUM(K85:K94) -> 223145010 | L95: =SUM(L85:L94) -> 247488102 | M95: =SUM(M85:M94) -> 235914633 | N95: =SUM(N85:N94) -> 214858500 | O95: =SUM(O85:O94) -> 212709915 | ... T95: =SUM(T85:T94) -> 411358
B96: AFFAIREAF016 MATIERE BENIN | C96: 018-24 | D96: Avance de démarrage | E96: 45460 | F96: 45460 | G96: 45518 | H96: 43161546 | I96: =H96*0.18 -> 7769078.3 | J96: =-(H96*3%) -> -1294846.4 | K96: =+H96+J96 -> 41866700 | L96: =H96+I96+J96 -> 49635778 | M96: 49635778 | N96: =+M96-I96-J96 -> 43161546 | O96: =+M96-I96 -> 41866700 | P96: =+L96-M96 -> -0.1 | Q96: =P96 -> -0.1 | R96: =H96-N96 -> -0.1 | S96: =+L96-I96-O96 -> -0.1 | T96: =+F96+30 -> 45490
C97: 021-24 | D97: 45444 | E97: 45475 | F97: 45476 | G97: 45518 | H97: 64742320 | I97: =H97*0.18 -> 11653618 | J97: =-(H97*3%) -> -1942269.6 | K97: =+H97+J97 -> 62800050 | L97: =H97+I97+J97 -> 74453668 | M97: 74453668 | N97: =+M97-I97-J97 -> 64742320 | O97: =+M97-I97 -> 62800050 | P97: =+L97-M97 -> 0 | Q97: =P97 -> 0 | R97: =H97-N97 -> 0 | S97: =+L97-I97-O97 -> 0 | T97: =+F97+30 -> 45506
C98: 025-24 | D98: 45474 | E98: 45481 | F98: 45482 | G98: 45551 | H98: 64742320 | I98: =H98*0.18 -> 11653618 | J98: =-(H98*3%) -> -1942269.6 | K98: =+H98+J98 -> 62800050 | L98: =H98+I98+J98 -> 74453668 | M98: 74453668 | N98: =+M98-I98-J98 -> 64742320 | O98: =+M98-I98 -> 62800050 | P98: =+L98-M98 -> 0 | Q98: =P98 -> 0 | R98: =H98-N98 -> 0 | S98: =+L98-I98-O98 -> 0 | T98: =+F98+30 -> 45512
C99: 029-24 | D99: 45505 | E99: 45498 | F99: 45498 | G99: 45560 | H99: 64742320 | I99: =H99*0.18 -> 11653618 | J99: =-(H99*3%) -> -1942269.6 | K99: =+H99+J99 -> 62800050 | L99: =H99+I99+J99 -> 74453668 | M99: 74453668 | N99: =+M99-I99-J99 -> 64742320 | O99: =+M99-I99 -> 62800050 | P99: =+L99-M99 -> 0 | Q99: =P99 -> 0 | R99: =H99-N99 -> 0 | S99: =+L99-I99-O99 -> 0 | T99: =+F99+30 -> 45528
C100: 035/24 | D100: sept et octobre 2024 | E100: 45532 | F100: 45532 | G100: 45719 | H100: 129484640 | I100: =H100*0.18 -> 23307235 | J100: =-(H100*3%) -> -3884539.2 | K100: =+H100+J100 -> 1.256001e+08 | L100: =H100+I100+J100 -> 148907336 | M100: 148907336 | N100: =+M100-I100-J100 -> 129484640 | O100: =+M100-I100 -> 1.256001e+08 | P100: =+L100-M100 -> 0 | Q100: =P100 -> 0 | R100: =H100-N100 -> 0 | S100: =+L100-I100-O100 -> 0 | T100: =+F100+30 -> 45562
C101: 052/24 | D101: 45597 | E101: 45621 | F101: 45622 | G101: 45677 | H101: 64742320 | I101: =H101*0.18 -> 11653618 | J101: =-(H101*3%) -> -1942269.6 | K101: =+H101+J101 -> 62800050 | L101: =H101+I101+J101 -> 74453668 | M101: 74453668 | N101: =+M101-I101-J101 -> 64742320 | O101: =+M101-I101 -> 62800050 | P101: =+L101-M101 -> 0 | Q101: =P101 -> 0 | R101: =H101-N101 -> 0 | S101: =Q101 -> 0 | T101: =+F101+30 -> 45652
C102: Sous total MATIERE | H102: =SUM(H96:H101) -> 431615466 | I102: =SUM(I96:I101) -> 77690784 | J102: =SUM(J96:J101) -> -12948464 | K102: =SUM(K96:K101) -> 4.18667e+08 | L102: =SUM(L96:L101) -> 4.9635779e+08 | M102: =SUM(M96:M101) -> 496357786 | N102: =SUM(N96:N101) -> 4.3161547e+08 | O102: =SUM(O96:O101) -> 4.18667e+08 | ... S102: =SUM(S96:S101) -> -0.1
B103: AFFAIREAF017 AGIRE | C103: 026-24 | D103: 45474 | E103: 45482 | F103: 45482 | G103: 45488 | H103: 12886598 | I103: =H103*0.18 -> 2319587.6 | J103: =-H103*3% -> -386597.94 | K103: =+H103+J103 -> 12500000 | L103: =H103+I103+J103 -> 14819588 | M103: 14819588 | N103: =+M103-I103-J103 -> 12886598 | O103: =+M103-I103 -> 12500000 | P103: =+L103-M103 -> -0.3 | Q103: =P103 -> -0.3 | R103: =H103-N103 -> -0.3 | S103: =Q103 -> -0.3 | T103: =+F103+30 -> 45512
...

Sheet ETAT DES FACTURATIONS GLOBALES
E2: GERER LE SECRETARIAT GENERAL | Q2: GSG-F07-V0 22/07/2024
E3: ETAT GLOBAL DES FACTURATIONS ET PAIEMENTS
A4: Mise à jour du : | C4: =TODAY() -> 45895
B6: NUMERO AFFAIRE | C6: N° FACTURE | D6: MOIS | E6: DATE FACTURATION | F6: DATE DEPÔT FACTURE | G6: DATE DE REGLEMENT | H6: MONTANT BRUT HTVA | I6: TVA | J6: AIB | K6: MONTANT NET HT | L6: MONTANT NET TTC A PAYER | M6: MONTANT TTC ENCAISSE | N6: MONTANT BRUT HT ENCAISSE | O6: MONTANT NET HT ENCAISSE | P6: RESTANT DÛ TTC / FACTURE | Q6: RESTANT DÛ REEL NET TTC | R6: RESTANT DÛ BRUT HT | S6: RESTANT DÛ NET HT | T6: DELAI DE PAIEMENT
B7: AFFAIREAF002 OFMAS | C7: 013-22 | D7: Avance de démarrage | E7: 44879 | F7: 44879 | G7: 44761 | H7: 7500000 | I7: =H7*0.18 -> 1350000 | J7: =+-H7*3% -> -225000 | K7: =+H7+J7 -> 7275000 | L7: =H7+I7+J7 -> 8625000 | M7: 8625000 | N7: =+M7-I7-J7 -> 7500000 | O7: =+M7-I7 -> 7275000 | P7: =+L7-M7 -> 0 | Q7: =P7 -> 0 | R7: =H7-N7 -> 0 | S7: =Q7 -> 0 | T7: =+F7+30 -> 44909
C8: 008-22 | D8: 44805 | E8: 44806 | F8: 44806 | G8: 44895 | H8: 8750000 | I8: =H8*0.18 -> 1575000 | J8: =+-H8*3% -> -262500 | K8: =+H8+J8 -> 8487500 | L8: =H8+I8+J8 -> 10062500 | M8: 10062500 | N8: =+M8-I8-J8 -> 8750000 | O8: =+M8-I8 -> 8487500 | P8: =+L8-M8 -> 0 | Q8: =P8 -> 0 | R8: =H8-N8 -> 0 | S8: =Q8 -> 0 | T8: =+F8+30 -> 44836
C9: 014-22 | D9: 44866 | E9: 44879 | F9: 44879 | G9: 44908 | H9: 8750000 | I9: =H9*0.18 -> 1575000 | J9: =+-H9*3% -> -262500 | K9: =+H9+J9 -> 8487500 | L9: =H9+I9+J9 -> 10062500 | M9: 10062500 | N9: =+M9-I9-J9 -> 8750000 | O9: =+M9-I9 -> 8487500 | P9: =+L9-M9 -> 0 | Q9: =P9 -> 0 | R9: =H9-N9 -> 0 | S9: =Q9 -> 0 | T9: =+F9+30 -> 44909
C10: 005-23 | D10: 45017 | E10: 45036 | F10: 45036 | G10: 45072 | H10: 8500000 | I10: =H10*0.18 -> 1530000 | J10: =+-H10*3% -> -255000 | K10: =+H10+J10 -> 8245000 | L10: =H10+I10+J10 -> 9775000 | M10: 9775000 | N10: =+M10-I10-J10 -> 8500000 | O10: =+M10-I10 -> 8245000 | P10: =+L10-M10 -> 0 | Q10: =P10 -> 0 | R10: =H10-N10 -> 0 | S10: =Q10 -> 0 | T10: =+F10+30 -> 45066
C11: Sous total OFMAS | H11: =+SUM(H7:H10) -> 33500000 | I11: =+SUM(I7:I10) -> 6030000 | J11: =+SUM(J7:J10) -> -1005000 | K11: =+SUM(K7:K10) -> 32495000 | L11: =+SUM(L7:L10) -> 38525000 | M11: =+SUM(M7:M10) -> 38525000 | N11: =+SUM(N7:N10) -> 33500000 | O11: =+SUM(O7:O10) -> 32495000 | ... S11: =+SUM(S7:S10) -> 0
B12: AFFAIREAF003 EGBTP 1 | C12: 015-22 | D12: Avance de démarrage | E12: 44888 | F12: 44946 | G12: 44888 | H12: 12000000 | I12: 0 | J12: 0 | K12: =+H12+J12 -> 12000000 | L12: =H12+I12+J12 -> 12000000 | M12: 12000000 | N12: =+M12-I12-J12 -> 12000000 | O12: =+M12-I12 -> 12000000 | P12: =+L12-M12 -> 0 | Q12: =P12 -> 0 | R12: =H12-N12 -> 0 | S12: =Q12 -> 0 | T12: =+F12+30 -> 44976
C13: 002/23 | D13: 44986 | E13: 44993 | F13: 44993 | G13: 45015 | H13: 28000000 | I13: 0 | J13: 0 | K13: =+H13+J13 -> 28000000 | L13: =H13+I13+J13 -> 28000000 | M13: 28000000 | N13: =+M13-I13-J13 -> 28000000 | O13: =+M13-I13 -> 28000000 | P13: =+L13-M13 -> 0 | Q13: =P13 -> 0 | R13: =H13-N13 -> 0 | S13: =Q13 -> 0 | T13: =+F13+30 -> 45023
C14: Sous total EGBTP | H14: =+SUM(H12:H13) -> 40000000 | I14: =+SUM(I12:I13) -> 0 | J14: =+SUM(J12:J13) -> 0 | K14: =+SUM(K12:K13) -> 40000000 | L14: =+SUM(L12:L13) -> 40000000 | M14: =+SUM(M12:M13) -> 40000000 | N14: =+SUM(N12:N13) -> 40000000 | O14: =+SUM(O12:O13) -> 40000000 | ... S14: =+SUM(S12:S13) -> 0
B15: AFFAIREAF004 CFAO | C15: 016-22 | D15: Avance de démarrage | E15: 44900 | F15: 44901 | G15: 44910 | H15: 6210000 | I15: =H15*0.18 -> 1117800 | J15: =+-H15*3% -> -186300 | K15: =+H15+J15 -> 6023700 | L15: =H15+I15+J15 -> 7141500 | M15: 7141500 | N15: =+M15-I15-J15 -> 6210000 | O15: =+M15-I15 -> 6023700 | P15: =+L15-M15 -> 0 | Q15: =P15 -> 0 | R15: =H15-N15 -> 0 | S15: =Q15 -> 0 | T15: =+F15+30 -> 44931
C16: 004-23 | D16: 44986 | E16: 45021 | F16: 45021 | G16: 45036 | H16: 7245000 | I16: =H16*0.18 -> 1304100 | J16: =+-H16*3% -> -217350 | K16: =+H16+J16 -> 7027650 | L16: =H16+I16+J16 -> 8331750 | M16: 8331750 | N16: =+M16-I16-J16 -> 7245000 | O16: =+M16-I16 -> 7027650 | P16: =+L16-M16 -> 0 | Q16: =P16 -> 0 | R16: =H16-N16 -> 0 | S16: =Q16 -> 0 | T16: =+F16+30 -> 45051
C17: 006-23 | D17: 45017 | E17: 45036 | F17: 45036 | G17: 45054 | H17: 7245000 | I17: =H17*0.18 -> 1304100 | J17: =+-H17*3% -> -217350 | K17: =+H17+J17 -> 7027650 | L17: =H17+I17+J17 -> 8331750 | M17: 8331750 | N17: =+M17-I17-J17 -> 7245000 | O17: =+M17-I17 -> 7027650 | P17: =+L17-M17 -> 0 | Q17: =P17 -> 0 | R17: =H17-N17 -> 0 | S17: =Q17 -> 0 | T17: =+F17+30 -> 45066
C18: Sous total CFAO | H18: =+SUM(H15:H17) -> 20700000 | I18: =+SUM(I15:I17) -> 3726000 | J18: =+SUM(J15:J17) -> -621000 | K18: =+SUM(K15:K17) -> 20079000 | L18: =+SUM(L15:L17) -> 23805000 | M18: =+SUM(M15:M17) -> 23805000 | N18: =+SUM(N15:N17) -> 20700000 | O18: =+SUM(O15:O17) -> 20079000 | P18: =+SUM(P15:P17) -> 0 | Q18: =P18 -> 0 | R18: =H18-N18 -> 0 | S18: =Q18 -> 0
B19: AFFAIREAF005 SCB-LAFARGE | C19: 017-22 | D19: 44896 | E19: 44914 | F19: 44917 | G19: 44946 | H19: 3300000 | I19: =H19*0.18 -> 594000 | J19: =+-H19*3% -> -99000 | K19: =+H19+J19 -> 3201000 | L19: =H19+I19+J19 -> 3795000 | M19: 3795000 | N19: =+M19-I19-J19 -> 3300000 | O19: =+M19-I19 -> 3201000 | P19: =+L19-M19 -> 0 | Q19: =P19 -> 0 | R19: =H19-N19 -> 0 | S19: =Q19 -> 0 | T19: =+F19+30 -> 44947
C20: Sous total SCB-LAFARGE | H20: =+SUM(H19:H19) -> 3300000 | I20: =+SUM(I19:I19) -> 594000 | J20: =+SUM(J19:J19) -> -99000 | K20: =+SUM(K19:K19) -> 3201000 | L20: =+SUM(L19:L19) -> 3795000 | M20: =+SUM(M19:M19) -> 3795000 | N20: =+SUM(N19:N19) -> 3300000 | O20: =+SUM(O19:O19) -> 3201000 | ... S20: =+SUM(S19:S19) -> 0
B21: AFFAIREAF013 ADEOTI | C21: 009-23 | D21: Avance de démarrage | E21: 45091 | F21: 45097 | G21: 45113 | H21: 265546395 | I21: 47798351 | K21: =+H21+J21 -> 265546395 | L21: 3.1334475e+08 | M21: 313344746 | N21: =+M21-I21-J21 -> 2.6554639e+08 | O21: =+M21-I21 -> 2.6554639e+08 | P21: =+L21-M21 -> 0.10000002 | Q21: =P21 -> 0.10000002 | R21: =H21-N21 -> 0.099999994 | S21: =+L21-M21 -> 0.10000002 | T21: =+F21+30 -> 45127
C22: 019-23 | D22: 45108 | E22: 45210 | F22: 45210 | G22: 45212 | H22: 42044846 | I22: =H22*0.18 -> 7568072.3 | J22: -1659665 | K22: =+H22+J22 -> 40385181 | L22: =H22+I22+J22 -> 47953253 | M22: 47953253 | N22: =+M22-I22-J22 -> 42044846 | O22: =+M22-I22 -> 40385181 | P22: =+L22-M22 -> 0.28 | Q22: =P22 -> 0.28 | R22: =H22-N22 -> 0.28 | S22: =Q22 -> 0.28 | T22: =+F22+30 -> 45240
C46: Sous total ADEOTI | H46: =+SUM(H21:H45) -> 307591241 | I46: =+SUM(I21:I45) -> 55366423 | J46: =+SUM(J21:J45) -> -1659665 | K46: =+SUM(K21:K45) -> 305931576 | L46: =+SUM(L21:L45) -> 3.61298e+08 | M46: =+SUM(M21:M45) -> 361297999 | N46: =+SUM(N21:N45) -> 3.0759124e+08 | O46: =+SUM(O21:O45) -> 3.0593158e+08 | ... S46: =+SUM(S21:S45) -> 0.38000003
B47: AFFAIREAF014 BOTINZA | C47: 006-24 | D47: Avance de démarrage | E47: 45414 | F47: 45414 | G47: 45443 | H47: 68374900 | I47: =+H47*0.18*60% -> 7384489.2 | J47: =-1%*H47 -> -683749 | K47: =+H47+J47 -> 67691151 | L47: =H47+I47+J47 -> 75075640 | M47: 80682382 | N47: =+M47-I47-J47 -> 73981642 | O47: =+M47-I47 -> 73297893 | P47: =+L47-M47 -> -5606741.8 | Q47: =P47 -> -5606741.8 | R47: =H47-N47 -> -5606741.8 | S47: =+Q47 -> -5606741.8 | T47: =+F47+30 -> 45444
R69: =H69-N69 -> 0
C70: Sous total BOTINZA | H70: =SUM(H47:H69) -> 68374900 | I70: =SUM(I47:I69) -> 7384489.2 | J70: =SUM(J47:J69) -> -683749 | K70: =SUM(K47:K69) -> 67691151 | L70: =SUM(L47:L69) -> 75075640 | M70: =SUM(M47:M69) -> 80682382 | N70: =SUM(N47:N69) -> 73981642 | O70: =SUM(O47:O69) -> 73297893 | ... S70: =SUM(S47:S69) -> -5606741.8
B71: AFFAIREAF015 CITES ADM LOT 1 | C71: 007-24 | D71: Avance de démarrage | E71: 45422 | F71: 45439 | G71: 45476 | H71: 109800000 | I71: =+H71*0.18*60% -> 11858400 | J71: =-H71*1% -> -1098000 | K71: =+H71+J71 -> 108702000 | L71: =H71+I71+J71 -> 120560400 | M71: 120560400 | N71: =+M71-I71-J71 -> 109800000 | O71: =+M71-I71 -> 108702000 | P71: =+L71-M71 -> 0 | Q71: =P71 -> 0 | R71: =H71-N71 -> 0 | S71: =Q71 -> 0 | T71: =+F71+30 -> 45469
C89: Sous total CITES ADM lot 1 | H89: =SUM(H71:H88) -> 109800000 | I89: =SUM(I71:I88) -> 11858400 | J89: =SUM(J71:J88) -> -1098000 | K89: =SUM(K71:K88) -> 108702000 | L89: =SUM(L71:L88) -> 120560400 | M89: =SUM(M71:M88) -> 120560400 | N89: =SUM(N71:N88) -> 109800000 | O89: =SUM(O71:O88) -> 108702000 | ... S89: =SUM(S71:S88) -> 0
B90: AFFAIREAF015 CITES ADM LOT 2
C103: Sous total CITES ADM lot 2 | H103: =SUM(H90:H102) -> 0 | I103: =SUM(I90:I102) -> 0 | J103: =SUM(J90:J102) -> 0 | K103: =SUM(K90:K102) -> 0 | L103: =SUM(L90:L102) -> 0 | M103: =SUM(M90:M102) -> 0 | N103: =SUM(N90:N102) -> 0 | O103: =SUM(O90:O102) -> 0 | ... T103: =SUM(T90:T102) -> 0
B104: AFFAIREAF016 MATIERE BENIN
C110: Sous total MATIERE | H110: =SUM(H104:H109) -> 0 | I110: =SUM(I104:I109) -> 0 | J110: =SUM(J104:J109) -> 0 | K110: =SUM(K104:K109) -> 0 | L110: =SUM(L104:L109) -> 0 | M110: =SUM(M104:M109) -> 0 | N110: =SUM(N104:N109) -> 0 | O110: =SUM(O104:O109) -> 0 | ... S110: =SUM(S104:S109) -> 0
B111: AFFAIREAF017 AGIRE | C111: 026-24 | D111: 45474 | E111: 45482 | F111: 45482 | G111: 45488 | H111: 12886598 | I111: =H111*0.18 -> 2319587.6 | J111: =-H111*3% -> -386597.94 | K111: =+H111+J111 -> 12500000 | L111: =H111+I111+J111 -> 14819588 | M111: 14819588 | N111: =+M111-I111-J111 -> 12886598 | O111: =+M111-I111 -> 12500000 | P111: =+L111-M111 -> -0.3 | Q111: =P111 -> -0.3 | R111: =H111-N111 -> -0.3 | S111: =Q111 -> -0.3 | T111: =+F111+30 -> 45512
C112: 039/24 | D112: 45566 | E112: 45567 | F112: 45600 | G112: 45663 | H112: 12886598 | I112: =H112*0.18 -> 2319587.6 | J112: =-H112*3% -> -386597.94 | K112: =+H112+J112 -> 12500000 | L112: =H112+I112+J112 -> 14819588 | M112: 14819588 | N112: =+M112-I112-J112 -> 12886598 | O112: =+M112-I112 -> 12500000 | P112: =+L112-M112 -> -0.3 | Q112: =P112 -> -0.3 | R112: =H112-N112 -> -0.3 | S112: =Q112 -> -0.3 | T112: =+F112+30 -> 45630
C113: Sous total AGIRE | H113: =SUM(H111:H112) -> 25773196 | I113: =SUM(I111:I112) -> 4639175.3 | J113: =SUM(J111:J112) -> -773195.88 | K113: =SUM(K111:K112) -> 25000000 | L113: =SUM(L111:L112) -> 29639175 | M113: =SUM(M111:M112) -> 29639176 | N113: =SUM(N111:N112) -> 25773197 | O113: =SUM(O111:O112) -> 25000001 | ... Q113: =SUM(Q111:Q112) -> -0.6 | R113: =H113-N113 -> -0.6 | S113: =SUM(S111:S112) -> -0.6
B114: SETEC SOUS TRAITANCE
C125: Sous total SETEC SOUS TRAITANCE | H125: =SUM(H114:H124) -> 0 | I125: =SUM(I114:I124) -> 0 | J125: =SUM(J114:J124) -> 0 | K125: =SUM(K114:K124) -> 0 | L125: =SUM(L114:L124) -> 0 | M125: =SUM(M114:M124) -> 0 | N125: =SUM(N114:N124) -> 0 | O125: =SUM(O114:O124) -> 0 | ... S125: =SUM(S114:S124) -> 0
B126: AFFAIREAF018 CONOCO | V126: RAP CONOCO
V127: =L126-M126 -> 0
V129: =+I126/2 -> 0 | W129: TVA
C130: Sous total CONOCO | H130: =SUM(H126:H129) -> 0 | I130: =SUM(I126:I129) -> 0 | J130: =SUM(J126:J129) -> 0 | K130: =SUM(K126:K129) -> 0 | L130: =SUM(L126:L129) -> 0 | M130: =SUM(M126:M129) -> 0 | N130: =SUM(N126:N129) -> 0 | O130: =SUM(O126:O129) -> 0 | ... S130: =SUM(S126:S129) -> 0
B131: AFFAIREAF019 NATIVE HOTEL
C139: Sous total NATIVE HOTEL | H139: =SUM(H131:H138) -> 0 | I139: =SUM(I131:I138) -> 0 | J139: =SUM(J131:J138) -> 0 | K139: =SUM(K131:K138) -> 0 | L139: =SUM(L131:L138) -> 0 | M139: =SUM(M131:M138) -> 0 | N139: =SUM(N131:N138) -> 0 | O139: =SUM(O131:O138) -> 0 | ... S139: =SUM(S131:S138) -> 0
B140: AFFAIREAF020 JULIUS BERGER NIGERIA PLC Montant du contrat HT 118 800 000 F
C151: Sous total JULIUS BERGER | H151: =SUM(H140:H150) -> 0 | I151: =SUM(I140:I150) -> 0 | J151: =SUM(J140:J150) -> 0 | K151: =SUM(K140:K150) -> 0 | L151: =SUM(L140:L150) -> 0 | M151: =SUM(M140:M150) -> 0 | N151: =SUM(N140:N150) -> 0 | O151: =SUM(O140:O150) -> 0 | ... S151: =SUM(S140:S150) -> 0
B152: AFFAIREAF JULIUS BERGER NIGERIA PLC Montant du contrat HT 86 000 000 F
I155: =+H155*18% -> 0 | J155: =-H155*3% -> 0 | K155: =+H155+J155 -> 0 | L155: =H155+I155+J155 -> 0 | N155: =+M155-I155-J155 -> 0 | O155: =+M155-I155 -> 0 | P155: =+L155-M155 -> 0 | Q155: =+P155 -> 0 | R155: =H155-N155 -> 0 | S155: =Q155 -> 0 | T155: =+F155+30 -> 30
I156: =+H156*18% -> 0 | J156: =-H156*3% -> 0 | K156: =+H156+J156 -> 0 | L156: =H156+I156+J156 -> 0 | N156: =+M156-I156-J156 -> 0 | O156: =+M156-I156 -> 0 | P156: =+L156-M156 -> 0 | Q156: =+P156 -> 0 | R156: =H156-N156 -> 0 | S156: =Q156 -> 0 | T156: =+F156+30 -> 30
C157: Sous total JULIUS BERGER | H157: =SUM(H152:H156) -> 0 | I157: =SUM(I152:I156) -> 0 | J157: =SUM(J152:J156) -> 0 | K157: =SUM(K152:K156) -> 0 | L157: =SUM(L152:L156) -> 0 | M157: =SUM(M152:M156) -> 0 | N157: =SUM(N152:N156) -> 0 | O157: =SUM(O152:O156) -> 0 | ... S157: =SUM(S152:S156) -> 0
B158: AFFAIREAF JULIUS BERGER NIGERIA PLC Montant du contrat HT 25.000.000 F
I162: =+H162*18% -> 0 | J162: =-H162*3% -> 0 | K162: =+H162+J162 -> 0 | L162: =H162+I162+J162 -> 0 | P162: =+L162-M162 -> 0 | Q162: =+P162 -> 0 | R162: =H162-N162 -> 0 | S162: =Q162 -> 0 | T162: =+F162+30 -> 30
I163: =+H163*18% -> 0 | J163: =-H163*3% -> 0 | K163: =+H163+J163 -> 0 | L163: =H163+I163+J163 -> 0 | P163: =+L163-M163 -> 0 | Q163: =+P163 -> 0 | R163: =H163-N163 -> 0 | S163: =Q163 -> 0 | T163: =+F163+30 -> 30
I164: =+H164*18% -> 0 | J164: =-H164*3% -> 0 | K164: =+H164+J164 -> 0 | L164: =H164+I164+J164 -> 0 | P164: =+L164-M164 -> 0 | Q164: =+P164 -> 0 | R164: =H164-N164 -> 0 | S164: =Q164 -> 0 | T164: =+F164+30 -> 30
C165: Sous total JULIUS BERGER | H165: =SUM(H160:H164) -> 0 | I165: =SUM(I160:I164) -> 0 | J165: =SUM(J160:J164) -> 0 | K165: =SUM(K160:K164) -> 0 | L165: =SUM(L160:L164) -> 0 | M165: =SUM(M160:M164) -> 0 | N165: =SUM(N160:N164) -> 0 | O165: =SUM(O160:O164) -> 0 | ... S165: =SUM(S160:S164) -> 0
B166: AFFAIREAF012 DREAM BEACH
L169: =K169 -> 0 | N169: =M169 -> 0 | O169: =M169 -> 0 | P169: =L169-M169 -> 0 | Q169: =L169-M169 -> 0 | R169: =L169-M169 -> 0 | S169: =L169-M169 -> 0 | T169: =+F169+30 -> 30
C170: Sous total COVE BEACH | H170: =SUM(H166:H169) -> 0 | I170: =SUM(I166:I169) -> 0 | J170: =SUM(J166:J169) -> 0 | K170: =SUM(K166:K169) -> 0 | L170: =SUM(L166:L169) -> 0 | M170: =SUM(M166:M169) -> 0 | N170: =SUM(N166:N169) -> 0 | O170: =SUM(O166:O169) -> 0 | ... S170: =SUM(S166:S169) -> 0
B171: PMO MATIERE BENIN Montant HT du contrat : 384.911.850 F | U171: RAP/Avce Matiere | V171: =L171-M171 -> 0
I177: =+H177*18% -> 0 | J177: =-H177*3% -> 0 | K177: =+H177+J177 -> 0 | L177: =H177+I177+J177 -> 0 | P177: =H177+I177 -> 0 | Q177: =L177-M177 -> 0 | R177: =H177-N177 -> 0 | S177: =K177-O177 -> 0 | T177: =+F177+30 -> 30
C179: Sous total MATIERE | H179: =SUM(H171:H178) -> 0 | I179: =SUM(I171:I178) -> 0 | J179: =SUM(J171:J178) -> 0 | K179: =SUM(K171:K178) -> 0 | L179: =SUM(L171:L178) -> 0 | M179: =SUM(M171:M178) -> 0 | N179: =SUM(N171:N178) -> 0 | O179: =SUM(O171:O178) -> 0 | ... S179: =SUM(S171:S178) -> 0
B180: AFFAIREAF021 PRISON CIVILE DE OUEDO
I186: =+H186*18% -> 0 | J186: =-H186*3% -> 0 | K186: =+H186+J186 -> 0 | L186: =H186+I186+J186 -> 0 | P186: =+L186-M186 -> 0 | Q186: =+P186 -> 0 | R186: =H186-N186 -> 0 | S186: =Q186-I186 -> 0 | T186: =+F186+30 -> 30
C187: Sous total PRISON CIVILE DE OUEDO | H187: =SUM(H180:H186) -> 0 | I187: =SUM(I180:I186) -> 0 | J187: =SUM(J180:J186) -> 0 | K187: =SUM(K180:K186) -> 0 | L187: =SUM(L180:L186) -> 0 | M187: =SUM(M180:M186) -> 0 | N187: =SUM(N180:N186) -> 0 | O187: =SUM(O180:O186) -> 0 | ... S187: =SUM(S180:S186) -> 0
B188: AFFAIREAF022 ADEOTI/ Mission d’assistance pour le passage en comptabilité analytique d’exploitation et coaching du DAF de l’entreprise | C188: 040/25 | D188: Avance de démarrage | E188: 45797 | F188: 45799 | G188: 45835 | H188: 12000000 | I188: =+H188*18% -> 2160000 | J188: 0 | K188: =+H188+J188 -> 12000000 | L188: =H188+I188+J188 -> 14160000 | M188: 14160000 | N188: =+M188-I188-J188 -> 12000000 | O188: =+M188-I188 -> 12000000 | P188: =+L188-M188 -> 0 | Q188: =L188-M188 -> 0 | R188: =H188-N188 -> 0 | S188: =K188-O188 -> 0 | T188: =+F188+30 -> 45829
T189: =+F189+30 -> 30
T190: =+F190+30 -> 30
T191: =+F191+30 -> 30
T192: =+F192+30 -> 30
C193: Sous total ADEOTI(Passage en cpta anal) | H193: =SUM(H188:H192) -> 12000000 | I193: =SUM(I188:I192) -> 2160000 | J193: =SUM(J188:J192) -> 0 | K193: =SUM(K188:K192) -> 12000000 | L193: =SUM(L188:L192) -> 14160000 | M193: =SUM(M188:M192) -> 14160000 | N193: =SUM(N188:N192) -> 12000000 | O193: =SUM(O188:O192) -> 12000000 | ... S193: =SUM(S188:S192) -> 0
B194: AFFAIREAF022b ADEOTI/ ETUDES METHODES D'EXECUTION ET BILAN DES RESSOURCES | C194: 036/25 | D194: Facturation globale | E194: 45776 | F194: 45779 | G194: 45838 | H194: 7930000 | I194: =+H194*18% -> 1427400 | J194: =-H194*3% -> -237900 | K194: =+H194+J194 -> 7692100 | L194: =H194+I194+J194 -> 9119500 | M194: 9119500 | N194: =+M194-I194-J194 -> 7930000 | O194: =+M194-I194 -> 7692100 | P194: =+L194-M194 -> 0 | Q194: =L194-M194 -> 0 | R194: =H194-N194 -> 0 | S194: =K194-O194 -> 0 | T194: =+F194+30 -> 45809
C195: Sous total ADEOTI | H195: =SUM(H194:H194) -> 7930000 | I195: =SUM(I194:I194) -> 1427400 | J195: =SUM(J194:J194) -> -237900 | K195: =SUM(K194:K194) -> 7692100 | L195: =SUM(L194:L194) -> 9119500 | M195: =SUM(M194:M194) -> 9119500 | N195: =SUM(N194:N194) -> 7930000 | O195: =SUM(O194:O194) -> 7692100 | ... S195: =SUM(S194:S194) -> 0
B196: AFFAIREAF023 CDCB | C196: 035/25 | D196: 45748 | E196: 45772 | F196: 45782 | G196: 45835 | H196: 3375000 | I196: =H196*0.18*0.6 -> 364500 | J196: =-H196*1% -> -33750 | K196: =+H196+J196 -> 3341250 | L196: =H196+I196+J196 -> 3705750 | M196: 3705750 | N196: =+M196-I196-J196 -> 3375000 | O196: =+M196-I196 -> 3341250 | P196: =+L196-M196 -> 0 | Q196: =L196-M196 -> 0 | R196: =H196-N196 -> 0 | S196: =K196-O196 -> 0 | T196: =+F196+30 -> 45812
C197: Sous total CDCB | H197: =SUM(H196:H196) -> 3375000 | I197: =SUM(I196:I196) -> 364500 | J197: =SUM(J196:J196) -> -33750 | K197: =SUM(K196:K196) -> 3341250 | L197: =SUM(L196:L196) -> 3705750 | M197: =SUM(M196:M196) -> 3705750 | N197: =SUM(N196:N196) -> 3375000 | O197: =SUM(O196:O196) -> 3341250 | ... S197: =SUM(S196:S196) -> 0
B198: AFFAIREAF024 HOTEL DE VILLE DE PORTO | C198: 072/25 | D198: Avance de démarrage | E198: 45876 | F198: 45880 | H198: 20023400 | I198: =+H198*0.18*60% -> 2162527.2 | J198: =-H198*1% -> -200234 | K198: =+H198+J198 -> 19823166 | L198: =H198+I198+J198 -> 21985693 | P198: =H198+I198 -> 22185927 | Q198: =L198-M198 -> 21985693 | R198: =H198-N198 -> 20023400 | S198: =K198-O198 -> 19823166 | T198: =+F198+30 -> 45910
I199: =+H199*0.18*60% -> 0 | J199: =-H199*1% -> 0 | K199: =+H199+J199 -> 0 | L199: =H199+I199+J199 -> 0 | P199: =H199+I199 -> 0 | Q199: =L199-M199 -> 0 | R199: =H199-N199 -> 0 | S199: =K199-O199 -> 0 | T199: =+F199+30 -> 30
I200: =+H200*0.18*60% -> 0 | J200: =-H200*1% -> 0 | K200: =+H200+J200 -> 0 | L200: =H200+I200+J200 -> 0 | P200: =H200+I200 -> 0 | Q200: =L200-M200 -> 0 | R200: =H200-N200 -> 0 | S200: =K200-O200 -> 0 | T200: =+F200+30 -> 30
I201: =+H201*0.18*60% -> 0 | J201: =-H201*1% -> 0 | K201: =+H201+J201 -> 0 | L201: =H201+I201+J201 -> 0 | P201: =H201+I201 -> 0 | Q201: =L201-M201 -> 0 | R201: =H201-N201 -> 0 | S201: =K201-O201 -> 0 | T201: =+F201+30 -> 30
I202: =+H202*0.18*60% -> 0 | J202: =-H202*1% -> 0 | K202: =+H202+J202 -> 0 | L202: =H202+I202+J202 -> 0 | P202: =H202+I202 -> 0 | Q202: =L202-M202 -> 0 | R202: =H202-N202 -> 0 | S202: =K202-O202 -> 0 | T202: =+F202+30 -> 30
C203: Sous total HOTEL DE VILLE DE PORTO | H203: =SUM(H198:H202) -> 20023400 | I203: =SUM(I198:I202) -> 2162527.2 | J203: =SUM(J198:J202) -> -200234 | K203: =SUM(K198:K202) -> 19823166 | L203: =SUM(L198:L202) -> 21985693 | M203: =SUM(M198:M202) -> 0 | N203: =SUM(N198:N202) -> 0 | O203: =SUM(O198:O202) -> 0 | ... S203: =SUM(S198:S202) -> 19823166
B204: AFFAIREAF025 CONTRÔLE DES TRAVAUX CARREFOUR LE BELIER PTB | C204: 050/25 | D204: Avance de démarrage | E204: 45877 | F204: 45880 | H204: 14976800 | I204: =+H204*0.18*60% -> 1617494.4 | J204: =-H204*1% -> -149768 | K204: =+H204+J204 -> 14827032 | L204: =H204+I204+J204 -> 16444526 | P204: =H204+I204 -> 16594294 | Q204: =L204-M204 -> 16444526 | R204: =H204-N204 -> 14976800 | S204: =K204-O204 -> 14827032 | T204: =+F204+30 -> 45910
C205: 071/25 | D205: Fev à juin 2025 | E205: 45875 | F205: 45880 | H205: 21279375 | I205: =+H205*0.18*60% -> 2298172.5 | J205: =-H205*1% -> -212793.75 | K205: =+H205+J205 -> 21066581 | L205: =H205+I205+J205 -> 23364754 | P205: =H205+I205 -> 23577548 | Q205: =L205-M205 -> 23364754 | R205: =H205-N205 -> 21279375 | S205: =K205-O205 -> 21066581 | T205: =+F205+30 -> 45910
C206: 078/25 | D206: 45839 | E206: 45889 | F206: 45894 | H206: 8511750 | I206: =+H206*0.18*60% -> 919269 | J206: =-H206*1% -> -85117.5 | K206: =+H206+J206 -> 8426632.5 | L206: =H206+I206+J206 -> 9345901.5 | P206: =H206+I206 -> 9431019 | Q206: =L206-M206 -> 9345901.5 | R206: =H206-N206 -> 8511750 | S206: =K206-O206 -> 8426632.5 | T206: =+F206+30 -> 45924
I207: =+H207*0.18*60% -> 0 | J207: =-H207*1% -> 0 | K207: =+H207+J207 -> 0 | L207: =H207+I207+J207 -> 0 | P207: =H207+I207 -> 0 | Q207: =L207-M207 -> 0 | R207: =H207-N207 -> 0 | S207: =K207-O207 -> 0 | T207: =+F207+30 -> 30
I208: =+H208*0.18*60% -> 0 | J208: =-H208*1% -> 0 | K208: =+H208+J208 -> 0 | L208: =H208+I208+J208 -> 0 | P208: =H208+I208 -> 0 | Q208: =L208-M208 -> 0 | R208: =H208-N208 -> 0 | S208: =K208-O208 -> 0 | T208: =+F208+30 -> 30
I209: =+H209*0.18*60% -> 0 | J209: =-H209*1% -> 0 | K209: =+H209+J209 -> 0 | L209: =H209+I209+J209 -> 0 | P209: =H209+I209 -> 0 | Q209: =L209-M209 -> 0 | R209: =H209-N209 -> 0 | S209: =K209-O209 -> 0 | T209: =+F209+30 -> 30
C210: Sous total CONTRÔLE DES TRAVAUX CARREFOUR LE BELIER | H210: =SUM(H205:H209) -> 29791125 | I210: =SUM(I205:I209) -> 3217441.5 | J210: =SUM(J205:J209) -> -297911.25 | K210: =SUM(K205:K209) -> 29493214 | L210: =SUM(L205:L209) -> 32710655 | M210: =SUM(M205:M209) -> 0 | N210: =SUM(N205:N209) -> 0 | O210: =SUM(O205:O209) -> 0 | ... S210: =SUM(S205:S209) -> 29493214
B211: AFFAIREAF026 9 PONTS HYDRAULIQUES
C216: Sous total 9 PONTS HYDRAULIQUES
B217: AFFAIREAF027 DET 22 STRADES COMMUNAUX
C224: Sous total DET 22 STRADES COMMUNAUX
B225: AFFAIREAF019 NATIVE HOTEL (AVENANT)
P229: =H229+I229 -> 0 | Q229: =L229-M229 -> 0 | R229: =H229-N229 -> 0 | S229: =K229-O229 -> 0
P230: =H230+I230 -> 0 | Q230: =L230-M230 -> 0 | R230: =H230-N230 -> 0 | S230: =K230-O230 -> 0
P231: =H231+I231 -> 0 | Q231: =L231-M231 -> 0 | R231: =H231-N231 -> 0 | S231: =K231-O231 -> 0
C232: Sous total NATIVE HOTEL (AVENANT) | H232: =SUM(H225:H231) -> 0 | I232: =SUM(I225:I231) -> 0 | J232: =SUM(J225:J231) -> 0 | K232: =SUM(K225:K231) -> 0 | L232: =SUM(L225:L231) -> 0 | M232: =SUM(M225:M231) -> 0 | N232: =SUM(N225:N231) -> 0 | O232: =SUM(O225:O231) -> 0 | ... S232: =SUM(S225:S231) -> 0
B233: TOTAL GENERAL | H233: {=SUM(H7:H232/2)} -> 689647262 | I233: {=SUM(I7:I232/2)} -> 99739104 | J233: {=SUM(J7:J232/2)} -> -6784289.1 | K233: {=SUM(K7:K232/2)} -> 6.8286297e+08 | L233: {=SUM(L7:L232/2)} -> 7.8260208e+08 | M233: {=SUM(M7:M232/2)} -> 725290207 | N233: {=SUM(N7:N232/2)} -> 6.3795108e+08 | O233: {=SUM(O7:O232/2)} -> 6.3173982e+08 | ... S233: {=SUM(S7:S232/2)} -> 51123154
N236: =+N233/H233 -> 0.92503967

Sheet Feuil1
B4: POINT DES DERNIERS REGLEMENTS CLIENTS ET ENCAISSEMENTS CHEQUES
B6: Eléments | C6: Banque du Tireur | D6: Montant du chèque | E6: Banque proposée pour la remise
B7: Chèque de NSIA (Sinistre lié au véhicule de ZOCLI) | C7: BOA | D7: 1790000 | E7: BAB
B8: Règlement de la facture des 30% de coahing du DAF et des 100% de l'Etude d'exécution et Bilan ADM | C8: BIIC | D8: 23279500 | E8: BAB
B9: Règlement de la facture de CDCB | C9: BIIC | D9: 3705750 | E9: BAB
D10: =SUM(D7:D9) -> 28775250
